Workbook

Sheet Instructions
B2: =Setup!B2 -> Five Year Operating and Membership Plan
B3: Instructions:
B5: Setup Sheet
B7: -Enter information in Green cells only.
B8: -Enter the council Endowment Spending Policy information as indicated. If the council does not have a Spending Policy estimate the policy variables - spending percentage,
B9: number of years used to calculate annual amount and estimated Endowment earnings rate.
B11: Membership History and Planning
B13: -Enter 5 year Membership History in green cells only.
B14: -Enter current year Membership Plan additions by number in green cells.
B15: -Enter Council membeship plan growth by category in each of plan years.
B17: Council Program Fees
B18: - See Instructions in tab
B21: A. History Input & Output
... B60: -Identify percentage or dollar trends that are materially off.Adjust percentage or incremental growth parameters on the Growth Plan. Review Output and repeat as needed.

Sheet Color Guide
B3: TAB COLORS
D5: These tabs show Historical and Future Years
D7: This tab requires input for Future Years
B11: Cell Colors
B13: Input Req. | D13: These cells require input

Sheet Setup
A2: Setup Sheet | B2: Five Year Operating and Membership Plan
A3: Council Five Year Plan - Setup
A4: Current Year: | B4: 2022
A6: Council Name: | B6: Sample Council- #0325
A8: 201 Budget or Forecast?: | B8: Budget
A10: Endowment Spending Policy (Annual %): | B10: 0.045
A12: Number of Years for Spending Policy (1-5): | B12: 3
A14: Expected Endowment Rate of Return (Annual %): | B14: 0.055
A17: Instructions:
A18: 1. Enter Council Name, Current Year, Endowment Spending %, Endowment Years for Spending Calculation and Expected
A19: Investment Return for Total Endowment in green squares on Setup Sheet.
A20: 2. Enter 5 year membership history in green squares on Membership History and Planning Sheet.
A21: 3. Enter 5 year operating financial history in green squares on Sheet A. History Input. Input is taken directly from Comparative Statement of Operations
A22: 4. Do not enter anything on Sheet B. Historical Growth. It will display the annual % growth and CAGRs for Actual(4y) Budget(5y).
A23: 5. Enter Endowment Fund beginning Net Assets (Year 1 only), Inc (Dec), Transfers, Adjustment from Statement of Changes in Net Assets
A24: in green cells (only!) on Sheet C. Endowment Investments. All other values will be computed or referenced.
A25: 6. Spending Policy %, Years and Total Return as entered on Setup will appear in Endowment Forecast section of
A26: Sheet C. Endowment Investments.
A27: 7. Review Sheet A. History Input and Sheet B. Historical Growth. Note trends and changes for revenue and expense items.
A28: 8. Enter an annual percentage growth factor and/or incremental dollar value for every revenue and expense item on Sheet D. Growth Plan
... A31: 10. Review Sheet E. Output. Make adjustments to Plan by changing growth assumptions on Sheet D. Growth Plan.

Sheet Membership History and Planning
E1: =Setup!B2 -> Five Year Operating and Membership Plan
B2: Membership History and Planning | O2: Membership History and Planning
C4: =Setup!B6 -> Sample Council- #0325 | O4: Example Council Membership Planning
C6: =Setup!$B4-5 -> 2017 | D6: =Setup!$B4-4 -> 2018 | E6: =Setup!$B4-3 -> 2019 | F6: =Setup!$B4-2 -> 2020 | G6: =Setup!$B4-1 -> 2021 | K6: =Setup!B4 -> 2022 | O6: =$K6+1 -> 2023 | S6: =$K6+2 -> 2024 | W6: =$K6+3 -> 2025 | AA6: =$K6+4 -> 2026 | AE6: =$K6+5 -> 2027
C7: Actual | D7: Actual | E7: Actual | F7: Actual | G7: Actual | K7: Current Year | Q7: Plan Year 1 | U7: Plan Year 2 | Y7: Plan Year 3 | AC7: Plan Year 4 | AG7: Plan Year 5
A8: Membership Participation | I8: Incremental | K8: Planned | M8: Membership Participation | O8: Incremental | Q8: Planned | S8: Incremental | U8: Planned | W8: Incremental | Y8: Planned | AA8: Incremental | AC8: Planned | AE8: Incremental | AG8: Planned
J9: % growth | P9: % growth | T9: % growth | X9: % growth | AB9: % growth | AF9: % growth
B10: Cub Scouts (including Tiger and Webelos) | C10: 2435 | D10: 2380 | E10: 2401 | F10: 2116 | G10: 1300 | I10: 20 | J10: =IF(I10>0,K10/F10-1,0) -> -0.37618147 | K10: =IF(I10>0,I10+G10,0) -> 1320 | N10: Cub Scouts (including Tiger and Webelos) | O10: 12 | P10: =IF(O10>0,Q10/K10-1,0) -> 0.0090909091 | Q10: =IF(O10>0,O10+K10,0) -> 1332 | S10: 12 | T10: =IF(S10>0,U10/Q10-1,0) -> 0.009009009 | U10: =IF(S10>0,S10+Q10,0) -> 1344 | W10: 12 | X10: =IF(W10>0,Y10/U10-1,0) -> 0.0089285714 | Y10: =IF(W10>0,W10+U10,0) -> 1356 | AA10: 12 | AB10: =IF(AA10>0,AC10/Y10-1,0) -> 0.0088495575 | AC10: =IF(AA10>0,AA10+Y10,0) -> 1368 | AE10: 12 | AF10: =IF(AE10>0,AG10/AC10-1,0) -> 0.0087719298 | AG10: =IF(AE10>0,AE10+AC10,0) -> 1380
B12: Scouts (including Varsity Scouts) | C12: 2422 | D12: 2413 | E12: 2377 | F12: 2245 | G12: 1400 | I12: 18 | J12: =IF(I12>0,K12/F12-1,0) -> -0.36837416 | K12: =IF(I12>0,I12+G12,0) -> 1418 | N12: Boy Scouts (including Varsity Scouts) | O12: 12 | P12: =IF(O12>0,Q12/K12-1,0) -> 0.0084626234 | Q12: =IF(O12>0,O12+K12,K12) -> 1430 | S12: 12 | T12: =IF(S12>0,U12/Q12-1,0) -> 0.0083916084 | U12: =IF(S12>0,S12+Q12,Q12) -> 1442 | W12: 12 | X12: =IF(W12>0,Y12/U12-1,0) -> 0.0083217753 | Y12: =IF(W12>0,W12+U12,U12) -> 1454 | AA12: 12 | AB12: =IF(AA12>0,AC12/Y12-1,0) -> 0.0082530949 | AC12: =IF(AA12>0,AA12+Y12,Y12) -> 1466 | AE12: 12 | AF12: =IF(AE12>0,AG12/AC12-1,0) -> 0.0081855389 | AG12: =IF(AE12>0,AE12+AC12,AC12) -> 1478
B14: Venturers | C14: 1159 | D14: 982 | E14: 1014 | F14: 563 | G14: 300 | I14: 24 | J14: =IF(I14>0,K14/F14-1,0) -> -0.42451155 | K14: =IF(I14>0,I14+G14,0) -> 324 | N14: Venturers | O14: 9 | P14: =IF(O14>0,Q14/K14-1,0) -> 0.027777778 | Q14: =IF(O14>0,O14+K14,K14) -> 333 | S14: 9 | T14: =IF(S14>0,U14/Q14-1,0) -> 0.027027027 | U14: =IF(S14>0,S14+Q14,Q14) -> 342 | W14: 9 | X14: =IF(W14>0,Y14/U14-1,0) -> 0.026315789 | Y14: =IF(W14>0,W14+U14,U14) -> 351 | AA14: 9 | AB14: =IF(AA14>0,AC14/Y14-1,0) -> 0.025641026 | AC14: =IF(AA14>0,AA14+Y14,Y14) -> 360 | AE14: 9 | AF14: =IF(AE14>0,AG14/AC14-1,0) -> 0.025 | AG14: =IF(AE14>0,AE14+AC14,AC14) -> 369
B15: Total Traditional Members | C15: =C10+C12+C14 -> 6016 | D15: =D10+D12+D14 -> 5775 | E15: =E10+E12+E14 -> 5792 | F15: =F10+F12+F14 -> 4924 | G15: =G10+G12+G14 -> 3000 | I15: =I10+I12+I14 -> 62 | J15: =IF(I15>0,K15/G15-1,0) -> 0.020666667 | K15: =K10+K12+K14 -> 3062 | N15: Total Traditional Members | O15: =O10+O12+O14 -> 33 | P15: =IF(O15>0,Q15/K15-1,0) -> 0.01077727 | Q15: =Q10+Q12+Q14 -> 3095 | S15: =S10+S12+S14 -> 33 | T15: =IF(S15>0,U15/Q15-1,0) -> 0.010662359 | U15: =U10+U12+U14 -> 3128 | W15: =W10+W12+W14 -> 33 | X15: =IF(W15>0,Y15/U15-1,0) -> 0.010549872 | Y15: =Y10+Y12+Y14 -> 3161 | AA15: =AA10+AA12+AA14 -> 33 | AB15: =IF(AA15>0,AC15/Y15-1,0) -> 0.010439734 | AC15: =AC10+AC12+AC14 -> 3194 | AE15: =AE10+AE12+AE14 -> 33 | AF15: =IF(AE15>0,AG15/AC15-1,0) -> 0.010331872 | AG15: =AG10+AG12+AG14 -> 3227
B16: Explorers | C16: 517 | D16: 613 | E16: 700 | F16: 527 | G16: 275 | I16: 1 | J16: =IF(I16>0,K16/F16-1,0) -> -0.47628083 | K16: =IF(I16>0,I16+G16,0) -> 276 | N16: Explorers | O16: 1 | P16: =IF(O16>0,Q16/K16-1,0) -> 0.0036231884 | Q16: =IF(O16>0,O16+K16,K16) -> 277 | S16: 1 | T16: =IF(S16>0,U16/Q16-1,0) -> 0.0036101083 | U16: =IF(S16>0,S16+Q16,Q16) -> 278 | W16: 1 | X16: =IF(W16>0,Y16/U16-1,0) -> 0.0035971223 | Y16: =IF(W16>0,W16+U16,U16) -> 279 | AA16: 1 | AB16: =IF(AA16>0,AC16/Y16-1,0) -> 0.0035842294 | AC16: =IF(AA16>0,AA16+Y16,Y16) -> 280 | AE16: 1 | AF16: =IF(AE16>0,AG16/AC16-1,0) -> 0.0035714286 | AG16: =IF(AE16>0,AE16+AC16,AC16) -> 281
B17: Total Youth | C17: =C16+C15 -> 6533 | D17: =D16+D15 -> 6388 | E17: =E16+E15 -> 6492 | F17: =F16+F15 -> 5451 | G17: =G16+G15 -> 3275 | I17: =I15+I16 -> 63 | J17: =IF(I17>0,K17/G17-1,0) -> 0.019236641 | K17: =G17+I17 -> 3338 | N17: Total Youth | O17: =O15+O16 -> 34 | P17: =IF(O17>0,Q17/K17-1,0) -> 0.01018574 | Q17: =Q16+Q15 -> 3372 | S17: =S15+S16 -> 34 | T17: =IF(S17>0,U17/Q17-1,0) -> 0.010083037 | U17: =U16+U15 -> 3406 | W17: =W15+W16 -> 34 | X17: =IF(W17>0,Y17/U17-1,0) -> 0.009982384 | Y17: =Y16+Y15 -> 3440 | AA17: =AA15+AA16 -> 34 | AB17: =IF(AA17>0,AC17/Y17-1,0) -> 0.0098837209 | AC17: =AC16+AC15 -> 3474 | AE17: =AE15+AE16 -> 34 | AF17: =IF(AE17>0,AG17/AC17-1,0) -> 0.0097869891 | AG17: =AG16+AG15 -> 3508
B19: ADULTS | C19: 2050 | D19: 2000 | E19: 1995 | F19: 1881 | G19: 1100 | I19: 1 | J19: =IF(I19>0,K19/F19-1,0) -> -0.41467305 | K19: =IF(I19>0,I19+G19,0) -> 1101 | O19: 1 | P19: =IF(O19>0,Q19/K19-1,0) -> 0.00090826521 | Q19: =IF(O19>0,O19+K19,K19) -> 1102 | S19: 1 | T19: =IF(S19>0,U19/Q19-1,0) -> 0.00090744102 | U19: =IF(S19>0,S19+Q19,Q19) -> 1103 | W19: 1 | X19: =IF(W19>0,Y19/U19-1,0) -> 0.00090661831 | Y19: =IF(W19>0,W19+U19,U19) -> 1104 | AA19: 1 | AB19: =IF(AA19>0,AC19/Y19-1,0) -> 0.0009057971 | AC19: =IF(AA19>0,AA19+Y19,Y19) -> 1105 | AE19: 1 | AF19: =IF(AE19>0,AG19/AC19-1,0) -> 0.00090497738 | AG19: =IF(AE19>0,AE19+AC19,AC19) -> 1106
A21: $ Per Total Members | M21: $ Per Total Members
B23: FOS/Member | C23: ='A. History Input & Output'!E$8/'Membership History and Planning'!C$15 -> 50.604222 | D23: ='A. History Input & Output'!G$8/'Membership History and Planning'!D$15 -> 42.790303 | E23: ='A. History Input & Output'!I$8/'Membership History and Planning'!E$15 -> 44.460117 | F23: ='A. History Input & Output'!K$8/'Membership History and Planning'!F$15 -> 43.878351 | G23: ='A. History Input & Output'!M$8/'Membership History and Planning'!G$15 -> 89.057667 | K23: ='A. History Input & Output'!O$8/'Membership History and Planning'!K$15 -> 32.658393 | N23: FOS/Member | Q23: ='E. Output'!C$8/'Membership History and Planning'!Q$15 -> 33.279483 | U23: ='E. Output'!E$8/'Membership History and Planning'!U$15 -> 33.91624 | Y23: ='E. Output'!G$8/'Membership History and Planning'!Y$15 -> 34.569029 | AC23: ='E. Output'!I$8/'Membership History and Planning'!AC$15 -> 35.238222 | AG23: ='E. Output'!K$8/'Membership History and Planning'!AG$15 -> 35.924204
B24: Direct Support/Member | C24: ='A. History Input & Output'!E$14/'Membership History and Planning'!C$15 -> 91.750332 | D24: ='A. History Input & Output'!G$14/'Membership History and Planning'!D$15 -> 89.661645 | E24: ='A. History Input & Output'!I$14/'Membership History and Planning'!E$15 -> 96.583564 | F24: ='A. History Input & Output'!K$14/'Membership History and Planning'!F$15 -> 113.70552 | G24: ='A. History Input & Output'!M$14/'Membership History and Planning'!G$15 -> 152.50667 | K24: ='A. History Input & Output'!O$14/'Membership History and Planning'!K$15 -> 132.23383 | N24: Direct Support/Member | Q24: ='E. Output'!C$14/'Membership History and Planning'!Q$15 -> 132.23813 | U24: ='E. Output'!E$14/'Membership History and Planning'!U$15 -> 132.28431 | Y24: ='E. Output'!G$14/'Membership History and Planning'!Y$15 -> 132.37231 | AC24: ='E. Output'!I$14/'Membership History and Planning'!AC$15 -> 132.50211 | AG24: ='E. Output'!K$14/'Membership History and Planning'!AG$15 -> 132.67372
B25: Total Support and Revenue/Member | C25: ='A. History Input & Output'!E$30/'Membership History and Planning'!C$15 -> 199.4498 | D25: ='A. History Input & Output'!G$30/'Membership History and Planning'!D$15 -> 219.75221 | E25: ='A. History Input & Output'!I$30/'Membership History and Planning'!E$15 -> 224.12086 | F25: ='A. History Input & Output'!K$30/'Membership History and Planning'!F$15 -> 260.52092 | G25: ='A. History Input & Output'!M$30/'Membership History and Planning'!G$15 -> 396.19133 | K25: ='A. History Input & Output'!O$30/'Membership History and Planning'!K$15 -> 324.0921 | N25: Total Support and Revenue/Member | Q25: ='E. Output'!C$30/'Membership History and Planning'!Q$15 -> 444.89331 | U25: ='E. Output'!E$30/'Membership History and Planning'!U$15 -> 438.45293 | Y25: ='E. Output'!G$30/'Membership History and Planning'!Y$15 -> 439.13496 | AC25: ='E. Output'!I$30/'Membership History and Planning'!AC$15 -> 438.25076 | AG25: ='E. Output'!K$30/'Membership History and Planning'!AG$15 -> 437.90895
B27: Employee Compensation/Member | C27: ='A. History Input & Output'!E$34/'Membership History and Planning'!C$15 -> 108.74119 | D27: ='A. History Input & Output'!G$34/'Membership History and Planning'!D$15 -> 115.44658 | E27: ='A. History Input & Output'!I$34/'Membership History and Planning'!E$15 -> 123.82804 | F27: ='A. History Input & Output'!K$34/'Membership History and Planning'!F$15 -> 133.17811 | G27: ='A. History Input & Output'!M$34/'Membership History and Planning'!G$15 -> 187.973 | K27: ='A. History Input & Output'!O$34/'Membership History and Planning'!K$15 -> 200.62247 | N27: Employee Compensation/Member | Q27: ='E. Output'!C$34/'Membership History and Planning'!Q$15 -> 204.43786 | U27: ='E. Output'!E$34/'Membership History and Planning'!U$15 -> 208.3495 | Y27: ='E. Output'!G$34/'Membership History and Planning'!Y$15 -> 212.35962 | AC27: ='E. Output'!I$34/'Membership History and Planning'!AC$15 -> 216.47051 | AG27: ='E. Output'!K$34/'Membership History and Planning'!AG$15 -> 220.68454
B28: Total Expenses/Member | C28: ='A. History Input & Output'!E$38/'Membership History and Planning'!C$15 -> 195.05818 | D28: ='A. History Input & Output'!G$38/'Membership History and Planning'!D$15 -> 218.08121 | E28: ='A. History Input & Output'!I$38/'Membership History and Planning'!E$15 -> 223.82838 | F28: ='A. History Input & Output'!K$38/'Membership History and Planning'!F$15 -> 254.27315 | G28: ='A. History Input & Output'!M$38/'Membership History and Planning'!G$15 -> 364.684 | K28: ='A. History Input & Output'!O$38/'Membership History and Planning'!K$15 -> 318.82822 | N28: Total Expenses/Member | Q28: ='E. Output'!C$38/'Membership History and Planning'!Q$15 -> 324.30689 | U28: ='E. Output'!E$38/'Membership History and Planning'!U$15 -> 329.91904 | Y28: ='E. Output'!G$38/'Membership History and Planning'!Y$15 -> 335.66751 | AC28: ='E. Output'!I$38/'Membership History and Planning'!AC$15 -> 341.55525 | AG28: ='E. Output'!K$38/'Membership History and Planning'!AG$15 -> 347.58528
A30: $ Per Total Youth | M30: $ Per Total Youth
B32: FOS/Total Youth | C32: ='A. History Input & Output'!E$8/'Membership History and Planning'!C$17 -> 46.599571 | D32: ='A. History Input & Output'!G$8/'Membership History and Planning'!D$17 -> 38.684095 | E32: ='A. History Input & Output'!I$8/'Membership History and Planning'!E$17 -> 39.666205 | F32: ='A. History Input & Output'!K$8/'Membership History and Planning'!F$17 -> 39.636214 | G32: ='A. History Input & Output'!M$8/'Membership History and Planning'!G$17 -> 81.579542 | K32: ='A. History Input & Output'!O$8/'Membership History and Planning'!K$17 -> 29.958059 | N32: FOS/Total Youth | Q32: ='E. Output'!C$8/'Membership History and Planning'!Q$17 -> 30.54567 | U32: ='E. Output'!E$8/'Membership History and Planning'!U$17 -> 31.147974 | Y32: ='E. Output'!G$8/'Membership History and Planning'!Y$17 -> 31.76532 | AC32: ='E. Output'!I$8/'Membership History and Planning'!AC$17 -> 32.398066 | AG32: ='E. Output'!K$8/'Membership History and Planning'!AG$17 -> 33.046581
B33: Direct Support/Total Youth | C33: ='A. History Input & Output'!E$14/'Membership History and Planning'!C$17 -> 84.489515 | D33: ='A. History Input & Output'!G$14/'Membership History and Planning'!D$17 -> 81.057608 | E33: ='A. History Input & Output'!I$14/'Membership History and Planning'!E$17 -> 86.169439 | F33: ='A. History Input & Output'!K$14/'Membership History and Planning'!F$17 -> 102.71253 | G33: ='A. History Input & Output'!M$14/'Membership History and Planning'!G$17 -> 139.70076 | K33: ='A. History Input & Output'!O$14/'Membership History and Planning'!K$17 -> 121.30018 | N33: Direct Support/Total Youth | Q33: ='E. Output'!C$14/'Membership History and Planning'!Q$17 -> 121.37515 | U33: ='E. Output'!E$14/'Membership History and Planning'!U$17 -> 121.48717 | Y33: ='E. Output'!G$14/'Membership History and Planning'!Y$17 -> 121.6363 | AC33: ='E. Output'!I$14/'Membership History and Planning'!AC$17 -> 121.82261 | AG33: ='E. Output'!K$14/'Membership History and Planning'!AG$17 -> 122.04621
B34: Total Support and Revenue/Youth | C34: ='A. History Input & Output'!E$30/'Membership History and Planning'!C$17 -> 183.666 | D34: ='A. History Input & Output'!G$30/'Membership History and Planning'!D$17 -> 198.66453 | E34: ='A. History Input & Output'!I$30/'Membership History and Planning'!E$17 -> 199.95502 | F34: ='A. History Input & Output'!K$30/'Membership History and Planning'!F$17 -> 235.33388 | G34: ='A. History Input & Output'!M$30/'Membership History and Planning'!G$17 -> 362.92336 | K34: ='A. History Input & Output'!O$30/'Membership History and Planning'!K$17 -> 297.29479 | N34: Total Support and Revenue/Youth | Q34: ='E. Output'!C$30/'Membership History and Planning'!Q$17 -> 408.34662 | U34: ='E. Output'!E$30/'Membership History and Planning'!U$17 -> 402.66611 | Y34: ='E. Output'!G$30/'Membership History and Planning'!Y$17 -> 403.51908 | AC34: ='E. Output'!I$30/'Membership History and Planning'!AC$17 -> 402.92831 | AG34: ='E. Output'!K$30/'Membership History and Planning'!AG$17 -> 402.8313
B36: Employee Compensation/Total Youth | C36: ='A. History Input & Output'!E$34/'Membership History and Planning'!C$17 -> 100.13577 | D36: ='A. History Input & Output'!G$34/'Membership History and Planning'!D$17 -> 104.36819 | E36: ='A. History Input & Output'!I$34/'Membership History and Planning'!E$17 -> 110.47628 | F36: ='A. History Input & Output'!K$34/'Membership History and Planning'!F$17 -> 120.30251 | G36: ='A. History Input & Output'!M$34/'Membership History and Planning'!G$17 -> 172.18901 | K36: ='A. History Input & Output'!O$34/'Membership History and Planning'!K$17 -> 184.03415 | N36: Employee Compensation/Total Youth | Q36: ='E. Output'!C$34/'Membership History and Planning'!Q$17 -> 187.64388 | U36: ='E. Output'!E$34/'Membership History and Planning'!U$17 -> 191.34387 | Y36: ='E. Output'!G$34/'Membership History and Planning'!Y$17 -> 195.13627 | AC36: ='E. Output'!I$34/'Membership History and Planning'!AC$17 -> 199.02326 | AG36: ='E. Output'!K$34/'Membership History and Planning'!AG$17 -> 203.00713
B37: Total Expenses/Total Youth | C37: ='A. History Input & Output'!E$38/'Membership History and Planning'!C$17 -> 179.62192 | D37: ='A. History Input & Output'!G$38/'Membership History and Planning'!D$17 -> 197.15388 | E37: ='A. History Input & Output'!I$38/'Membership History and Planning'!E$17 -> 199.69409 | F37: ='A. History Input & Output'!K$38/'Membership History and Planning'!F$17 -> 229.69015 | G37: ='A. History Input & Output'!M$38/'Membership History and Planning'!G$17 -> 334.06168 | K37: ='A. History Input & Output'!O$38/'Membership History and Planning'!K$17 -> 292.46615 | N37: Total Expenses/Total Youth | Q37: ='E. Output'!C$38/'Membership History and Planning'!Q$17 -> 297.66602 | U37: ='E. Output'!E$38/'Membership History and Planning'!U$17 -> 302.99083 | Y37: ='E. Output'!G$38/'Membership History and Planning'!Y$17 -> 308.44332 | AC37: ='E. Output'!I$38/'Membership History and Planning'!AC$17 -> 314.02633 | AG37: ='E. Output'!K$38/'Membership History and Planning'!AG$17 -> 319.74279

Sheet Council Program Fees
A1: Council Fees by Membership Type
C2: =[1]Setup!B4 -> 2021 | D2: Maximum | E2: Percent of | F2: Est. | G2: Total
A3: Membership Participation | C3: Actual | D3: Fee/Person | E3: Members Paid | F3: Paying # | G3: Fee
C4: Membership
C5: Col. 1 | D5: Col. 2 | E5: Col. 3 | F5: Col. 4 | G5: Col. 5
B6: Cub Scouts (including Tiger and Webelos) | C6: ='Membership History and Planning'!K10 -> 1320 | D6: 75 | E6: 0.5 | F6: =E6*C6 -> 660 | G6: =F6*D6 -> 49500
B8: Scouts (including Varsity Scouts) | C8: ='Membership History and Planning'!K12 -> 1418 | D8: 75 | E8: 0.5 | F8: =E8*C8 -> 709 | G8: =F8*D8 -> 53175
B10: Venturers | C10: ='Membership History and Planning'!K14 -> 324 | D10: 75 | E10: 0.5 | F10: =E10*C10 -> 162 | G10: =F10*D10 -> 12150
B12: Explorers | C12: ='Membership History and Planning'!K16 -> 276 | D12: 45 | E12: 0.9 | F12: =E12*C12 -> 248.4 | G12: =F12*D12 -> 11178
B14: Adults | C14: ='Membership History and Planning'!K19 -> 1101 | D14: =D12 -> 45 | E14: 0.9 | F14: =E14*C14 -> 990.9 | G14: =F14*D14 -> 44590.5
B16: Total Fee | G16: =SUM(G6:G14) -> 170593.5
B20: INSTRUCTIONS | C20: Col. 1 | D20: Membership #'s taken from "Membership" tab
C21: Col. 2 | D21: Enter amount of requested Program Fee for Youth and Adults.
C22: Col. 3 | D22: Enter estimated percent of members who will pay
C23: Col. 4 | D23: Est. number of members who will pay
C24: Col. 5 | D24: Projected Program Fee collected

Sheet A. History Input & Output
A2: A. History Input | G2: =Setup!B2 -> Five Year Operating and Membership Plan
A3: =Setup!B6&" Council Operating Fund History" -> Sample Council- #0325 Council Operating Fund History | S3: =Setup!B6&" Five Year Plan" -> Sample Council- #0325 Five Year Plan
C4: =Setup!$B4-6 -> 2016 | E4: =Setup!$B4-5 -> 2017 | G4: =Setup!$B4-4 -> 2018 | I4: =Setup!$B4-3 -> 2019 | K4: =Setup!$B4-2 -> 2020 | M4: =Setup!$B4-1 -> 2021 | O4: =Setup!$B4 -> 2022 | S4: =Setup!$B4+1 -> 2023 | U4: =Setup!$B4+2 -> 2024 | W4: =Setup!$B4+3 -> 2025 | Y4: =Setup!$B4+4 -> 2026 | AA4: =Setup!$B4+5 -> 2027 | AC4: 2022 | AE4: 2023 | AG4: 2024 | AI4: 2025 | AK4: 2026 | AM4: 2027
C5: ACTUAL | D5: % | E5: ACTUAL | F5: % | G5: ACTUAL | H5: % | I5: ACTUAL | J5: % | K5: ACTUAL | L5: % | M5: ACTUAL | N5: % | O5: BUDGET | P5: % | S5: PLAN | T5: % | U5: PLAN | V5: % | W5: PLAN | X5: % | Y5: PLAN | Z5: % | AA5: PLAN
A6: Operating Income & Transfers | Q6: Operating Income & Transfers
B8: Net Friends of Scouting | C8: 300900 | D8: =C8/C$30 -> 0.24540888 | E8: =13146+291289 -> 304435 | F8: =E8/E$30 -> 0.25371909 | G8: =245314+1800 -> 247114 | H8: =G8/G$30 -> 0.1947207 | I8: 257513 | J8: =I8/I$30 -> 0.19837564 | K8: =13104+202953 -> 216057 | L8: =K8/K$30 -> 0.16842544 | M8: =3795+263378 -> 267173 | N8: =M8/M$30 -> 0.22478449 | O8: 100000 | P8: =O8/O$30 -> 0.10076887 | R8: Net Friends of Scouting | S8: ='E. Output'!C8 -> 103000 | T8: =S8/S$30 -> 0.074803289 | U8: ='E. Output'!E8 -> 106090 | V8: =U8/U$30 -> 0.077354348 | W8: ='E. Output'!G8 -> 109272.7 | X8: =W8/W$30 -> 0.078720739 | Y8: ='E. Output'!I8 -> 112550.88 | Z8: =Y8/Y$30 -> 0.080406527 | AA8: ='E. Output'!K8 -> 115927.41 | AB8: =AA8/AA$30 -> 0.082035784 | AC8: 0 | AD8: =AC8/AC$30 -> #DIV/0! | AE8: 0 | AF8: =AE8/AE$30 -> #DIV/0! | AG8: 0 | AH8: =AG8/AG$30 -> #DIV/0! | AI8: 0 | AJ8: =AI8/AI$30 -> #DIV/0! | AK8: 0 | AL8: =AK8/AK$30 -> #DIV/0! | AM8: 0 | AN8: =AM8/AM$30 -> #DIV/0!
B9: Project Sales | C9: 200 | D9: =C9/C$30 -> 0.00016311657 | E9: 0 | F9: =E9/E$30 -> 0 | G9: 3993 | H9: =G9/G$30 -> 0.003146401 | I9: 500 | J9: =I9/I$30 -> 0.00038517596 | K9: 0 | L9: =K9/K$30 -> 0 | M9: 0 | N9: =M9/M$30 -> 0 | O9: 0 | P9: =O9/O$30 -> 0 | R9: Project Sales | S9: ='E. Output'!C9 -> 0 | T9: =S9/S$30 -> 0 | U9: ='E. Output'!E9 -> 0 | V9: =U9/U$30 -> 0 | W9: ='E. Output'!G9 -> 0 | X9: =W9/W$30 -> 0 | Y9: ='E. Output'!I9 -> 0 | Z9: =Y9/Y$30 -> 0 | AA9: ='E. Output'!K9 -> 0 | AB9: =AA9/AA$30 -> 0 | AC9: 0 | AD9: =AC9/AC$30 -> #DIV/0! | AE9: 0 | AF9: =AE9/AE$30 -> #DIV/0! | AG9: 0 | AH9: =AG9/AG$30 -> #DIV/0! | AI9: 0 | AJ9: =AI9/AI$30 -> #DIV/0! | AK9: 0 | AL9: =AK9/AK$30 -> #DIV/0! | AM9: 0 | AN9: =AM9/AM$30 -> #DIV/0!
B10: Net Special Fundraising Events | C10: 140225 | D10: =C10/C$30 -> 0.11436511 | E10: 104316 | F10: =E10/E$30 -> 0.086937969 | G10: =122126+2590 -> 124716 | H10: =G10/G$30 -> 0.098273616 | I10: 107607 | J10: =I10/I$30 -> 0.08289526 | K10: 78513 | L10: =K10/K$30 -> 0.061204158 | M10: 57266 | N10: =M10/M$30 -> 0.048180425 | O10: 45900 | P10: =O10/O$30 -> 0.04625291 | R10: Net Special Fundraising Events | S10: ='E. Output'!C10 -> 47277 | T10: =S10/S$30 -> 0.03433471 | U10: ='E. Output'!E10 -> 48695.31 | V10: =U10/U$30 -> 0.035505646 | W10: ='E. Output'!G10 -> 50156.169 | X10: =W10/W$30 -> 0.036132819 | Y10: ='E. Output'!I10 -> 51660.854 | Z10: =Y10/Y$30 -> 0.036906596 | AA10: ='E. Output'!K10 -> 53210.68 | AB10: =AA10/AA$30 -> 0.037654425 | AC10: 0 | AD10: =AC10/AC$30 -> #DIV/0! | AE10: 0 | AF10: =AE10/AE$30 -> #DIV/0! | AG10: 0 | AH10: =AG10/AG$30 -> #DIV/0! | AI10: 0 | AJ10: =AI10/AI$30 -> #DIV/0! | AK10: 0 | AL10: =AK10/AK$30 -> #DIV/0! | AM10: 0 | AN10: =AM10/AM$30 -> #DIV/0!
B11: Legacies & Bequests | C11: 174 | D11: =C11/C$30 -> 0.00014191142 | E11: 50337 | F11: =E11/E$30 -> 0.041951346 | G11: 1919 | H11: =G11/G$30 -> 0.0015121321 | I11: 38823 | J11: =I11/I$30 -> 0.029907373 | K11: 110000 | L11: =K11/K$30 -> 0.085749588 | M11: 0 | N11: =M11/M$30 -> 0 | O11: 0 | P11: =O11/O$30 -> 0 | R11: Legacies & Bequests | S11: ='E. Output'!C11 -> 0 | T11: =S11/S$30 -> 0 | U11: ='E. Output'!E11 -> 0 | V11: =U11/U$30 -> 0 | W11: ='E. Output'!G11 -> 0 | X11: =W11/W$30 -> 0 | Y11: ='E. Output'!I11 -> 0 | Z11: =Y11/Y$30 -> 0 | AA11: ='E. Output'!K11 -> 0 | AB11: =AA11/AA$30 -> 0 | AC11: 0 | AD11: =AC11/AC$30 -> #DIV/0! | AE11: 0 | AF11: =AE11/AE$30 -> #DIV/0! | AG11: 0 | AH11: =AG11/AG$30 -> #DIV/0! | AI11: 0 | AJ11: =AI11/AI$30 -> #DIV/0! | AK11: 0 | AL11: =AK11/AK$30 -> #DIV/0! | AM11: 0 | AN11: =AM11/AM$30 -> #DIV/0!
B12: Foundations & Trusts | C12: 87925 | D12: =C12/C$30 -> 0.071710122 | E12: 91632 | F12: =E12/E$30 -> 0.076367 | G12: 138718 | H12: =G12/G$30 -> 0.1093069 | I12: 127316 | J12: =I12/I$30 -> 0.098078126 | K12: 147854 | L12: =K12/K$30 -> 0.11525836 | M12: 132381 | N12: =M12/M$30 -> 0.111378 | O12: 183000 | P12: =O12/O$30 -> 0.18440703 | R12: Foundations & Trusts | S12: ='E. Output'!C12 -> 183000 | T12: =S12/S$30 -> 0.13290293 | U12: ='E. Output'!E12 -> 183000 | V12: =U12/U$30 -> 0.13343242 | W12: ='E. Output'!G12 -> 183000 | X12: =W12/W$30 -> 0.13183435 | Y12: ='E. Output'!I12 -> 183000 | Z12: =Y12/Y$30 -> 0.13073549 | AA12: ='E. Output'!K12 -> 183000 | AB12: =AA12/AA$30 -> 0.12949956 | AC12: 0 | AD12: =AC12/AC$30 -> #DIV/0! | AE12: 0 | AF12: =AE12/AE$30 -> #DIV/0! | AG12: 0 | AH12: =AG12/AG$30 -> #DIV/0! | AI12: 0 | AJ12: =AI12/AI$30 -> #DIV/0! | AK12: 0 | AL12: =AK12/AK$30 -> #DIV/0! | AM12: 0 | AN12: =AM12/AM$30 -> #DIV/0!
B13: Other Direct Support | C13: 0 | D13: =C13/C$30 -> 0 | E13: 1250 | F13: =E13/E$30 -> 0.0010417622 | G13: 1336 | H13: =G13/G$30 -> 0.0010527402 | I13: 27653 | J13: =I13/I$30 -> 0.021302542 | K13: =7460+2 -> 7462 | L13: =K13/K$30 -> 0.0058169402 | M13: 700 | N13: =M13/M$30 -> 0.00058894103 | O13: 76000 | P13: =O13/O$30 -> 0.076584339 | R13: Other Direct Support | S13: ='E. Output'!C13 -> 76000 | T13: =S13/S$30 -> 0.05519466 | U13: ='E. Output'!E13 -> 76000 | V13: =U13/U$30 -> 0.055414558 | W13: ='E. Output'!G13 -> 76000 | X13: =W13/W$30 -> 0.054750877 | Y13: ='E. Output'!I13 -> 76000 | Z13: =Y13/Y$30 -> 0.05429452 | AA13: ='E. Output'!K13 -> 76000 | AB13: =AA13/AA$30 -> 0.053781239 | AC13: 0 | AD13: =AC13/AC$30 -> #DIV/0! | AE13: 0 | AF13: =AE13/AE$30 -> #DIV/0! | AG13: 0 | AH13: =AG13/AG$30 -> #DIV/0! | AI13: 0 | AJ13: =AI13/AI$30 -> #DIV/0! | AK13: 0 | AL13: =AK13/AK$30 -> #DIV/0! | AM13: 0 | AN13: =AM13/AM$30 -> #DIV/0!
B14: Total Direct Support | C14: =SUM(C8:C13) -> 529424 | D14: =C14/C$30 -> 0.43178914 | E14: =SUM(E8:E13) -> 551970 | F14: =E14/E$30 -> 0.46001717 | G14: =SUM(G8:G13) -> 517796 | H14: =G14/G$30 -> 0.40801249 | I14: =SUM(I8:I13) -> 559412 | J14: =I14/I$30 -> 0.43094411 | K14: =SUM(K8:K13) -> 559886 | L14: =K14/K$30 -> 0.43645449 | M14: =SUM(M8:M13) -> 457520 | N14: =M14/M$30 -> 0.38493186 | O14: =SUM(O8:O13) -> 404900 | P14: =O14/O$30 -> 0.40801314 | R14: Total Direct Support | S14: =SUM(S8:S13) -> 409277 | T14: =S14/S$30 -> 0.29723559 | U14: =SUM(U8:U13) -> 413785.31 | V14: =U14/U$30 -> 0.30170697 | W14: =SUM(W8:W13) -> 418428.87 | X14: =W14/W$30 -> 0.30143878 | Y14: =SUM(Y8:Y13) -> 423211.74 | Z14: =Y14/Y$30 -> 0.30234313 | AA14: =SUM(AA8:AA13) -> 428138.09 | AB14: =AA14/AA$30 -> 0.30297101 | AC14: =SUM(AC8:AC13) -> 0 | AD14: =AC14/AC$30 -> #DIV/0! | AE14: =SUM(AE8:AE13) -> 0 | AF14: =AE14/AE$30 -> #DIV/0! | AG14: =SUM(AG8:AG13) -> 0 | AH14: =AG14/AG$30 -> #DIV/0! | AI14: =SUM(AI8:AI13) -> 0 | AJ14: =AI14/AI$30 -> #DIV/0! | AK14: =SUM(AK8:AK13) -> 0 | AL14: =AK14/AK$30 -> #DIV/0! | AM14: =SUM(AM8:AM13) -> 0 | AN14: =AM14/AM$30 -> #DIV/0!
B15: United Ways | C15: 58201 | D15: =C15/C$30 -> 0.047467738 | E15: 33527 | F15: =E15/E$30 -> 0.027941728 | G15: 21404 | H15: =G15/G$30 -> 0.016865907 | I15: 18243 | J15: =I15/I$30 -> 0.01405353 | K15: 21971 | L15: =K15/K$30 -> 0.017127311 | M15: 13944 | N15: =M15/M$30 -> 0.011731705 | O15: 12000 | P15: =O15/O$30 -> 0.012092264 | R15: United Ways | S15: ='E. Output'!C15 -> 12000 | T15: =S15/S$30 -> 0.0087149463 | U15: ='E. Output'!E15 -> 12000 | V15: =U15/U$30 -> 0.008749667 | W15: ='E. Output'!G15 -> 12000 | X15: =W15/W$30 -> 0.0086448753 | Y15: ='E. Output'!I15 -> 12000 | Z15: =Y15/Y$30 -> 0.008572819 | AA15: ='E. Output'!K15 -> 12000 | AB15: =AA15/AA$30 -> 0.0084917746 | AC15: 0 | AD15: =AC15/AC$30 -> #DIV/0! | AE15: 0 | AF15: =AE15/AE$30 -> #DIV/0! | AG15: 0 | AH15: =AG15/AG$30 -> #DIV/0! | AI15: 0 | AJ15: =AI15/AI$30 -> #DIV/0! | AK15: 0 | AL15: =AK15/AK$30 -> #DIV/0! | AM15: 0 | AN15: =AM15/AM$30 -> #DIV/0!
B16: Other Indirect & Government | C16: 33680 | D16: =C16/C$30 -> 0.02746883 | E16: 28887 | F16: =E16/E$30 -> 0.024074707 | G16: 25463 | H16: =G16/G$30 -> 0.020064315 | I16: 24191 | J16: =I16/I$30 -> 0.018635583 | K16: 22640 | L16: =K16/K$30 -> 0.017648824 | M16: 19616 | N16: =M16/M$30 -> 0.01650381 | O16: 20400 | P16: =O16/O$30 -> 0.020556849 | R16: Other Indirect & Government | S16: ='E. Output'!C16 -> 20400 | T16: =S16/S$30 -> 0.014815409 | U16: ='E. Output'!E16 -> 20400 | V16: =U16/U$30 -> 0.014874434 | W16: ='E. Output'!G16 -> 20400 | X16: =W16/W$30 -> 0.014696288 | Y16: ='E. Output'!I16 -> 20400 | Z16: =Y16/Y$30 -> 0.014573792 | AA16: ='E. Output'!K16 -> 20400 | AB16: =AA16/AA$30 -> 0.014436017 | AC16: 0 | AD16: =AC16/AC$30 -> #DIV/0! | AE16: 0 | AF16: =AE16/AE$30 -> #DIV/0! | AG16: 0 | AH16: =AG16/AG$30 -> #DIV/0! | AI16: 0 | AJ16: =AI16/AI$30 -> #DIV/0! | AK16: 0 | AL16: =AK16/AK$30 -> #DIV/0! | AM16: 0 | AN16: =AM16/AM$30 -> #DIV/0!
B17: Total Indirect Support | C17: =SUM(C15:C16) -> 91881 | D17: =C17/C$30 -> 0.074936568 | E17: =SUM(E15:E16) -> 62414 | F17: =E17/E$30 -> 0.052016435 | G17: =SUM(G15:G16) -> 46867 | H17: =G17/G$30 -> 0.036930222 | I17: =SUM(I15:I16) -> 42434 | J17: =I17/I$30 -> 0.032689114 | K17: =SUM(K15:K16) -> 44611 | L17: =K17/K$30 -> 0.034776135 | M17: =SUM(M15:M16) -> 33560 | N17: =M17/M$30 -> 0.028235516 | O17: =SUM(O15:O16) -> 32400 | P17: =O17/O$30 -> 0.032649113 | R17: Total Indirect Support | S17: =SUM(S15:S16) -> 32400 | T17: =S17/S$30 -> 0.023530355 | U17: =SUM(U15:U16) -> 32400 | V17: =U17/U$30 -> 0.023624101 | W17: =SUM(W15:W16) -> 32400 | X17: =W17/W$30 -> 0.023341163 | Y17: =SUM(Y15:Y16) -> 32400 | Z17: =Y17/Y$30 -> 0.023146611 | AA17: =SUM(AA15:AA16) -> 32400 | AB17: =AA17/AA$30 -> 0.022927791 | AC17: =SUM(AC15:AC16) -> 0 | AD17: =AC17/AC$30 -> #DIV/0! | AE17: =SUM(AE15:AE16) -> 0 | AF17: =AE17/AE$30 -> #DIV/0! | AG17: =SUM(AG15:AG16) -> 0 | AH17: =AG17/AG$30 -> #DIV/0! | AI17: =SUM(AI15:AI16) -> 0 | AJ17: =AI17/AI$30 -> #DIV/0! | AK17: =SUM(AK15:AK16) -> 0 | AL17: =AK17/AK$30 -> #DIV/0! | AM17: =SUM(AM15:AM16) -> 0 | AN17: =AM17/AM$30 -> #DIV/0!
B18: Net Sale of Supplies | C18: 9440 | D18: =C18/C$30 -> 0.0076991021 | E18: 10332 | F18: =E18/E$30 -> 0.0086107893 | G18: 7382 | H18: =G18/G$30 -> 0.0058168626 | I18: 6843 | J18: =I18/I$30 -> 0.0052715182 | K18: 10578 | L18: =K18/K$30 -> 0.0082459922 | M18: 1652 | N18: =M18/M$30 -> 0.0013899008 | O18: 4320 | P18: =O18/O$30 -> 0.004353215 | R18: Net Sale of Supplies | S18: ='E. Output'!C18 -> 4320 | T18: =S18/S$30 -> 0.0031373807 | U18: ='E. Output'!E18 -> 4320 | V18: =U18/U$30 -> 0.0031498801 | W18: ='E. Output'!G18 -> 4320 | X18: =W18/W$30 -> 0.0031121551 | Y18: ='E. Output'!I18 -> 4320 | Z18: =Y18/Y$30 -> 0.0030862148 | AA18: ='E. Output'!K18 -> 4320 | AB18: =AA18/AA$30 -> 0.0030570388 | AC18: 0 | AD18: =AC18/AC$30 -> #DIV/0! | AE18: 0 | AF18: =AE18/AE$30 -> #DIV/0! | AG18: 0 | AH18: =AG18/AG$30 -> #DIV/0! | AI18: 0 | AJ18: =AI18/AI$30 -> #DIV/0! | AK18: 0 | AL18: =AK18/AK$30 -> #DIV/0! | AM18: 0 | AN18: =AM18/AM$30 -> #DIV/0!
B19: Net Sale of Products | C19: 139184 | D19: =C19/C$30 -> 0.11351608 | E19: 152679 | F19: =E19/E$30 -> 0.12724416 | G19: 185981 | H19: =G19/G$30 -> 0.14654916 | I19: 210885 | J19: =I19/I$30 -> 0.16245567 | K19: 237621 | L19: =K19/K$30 -> 0.18523548 | M19: 251510 | N19: =M19/M$30 -> 0.21160651 | O19: 215500 | P19: =O19/O$30 -> 0.21715691 | R19: Net Sale of Products | S19: ='E. Output'!C19 -> 215500 | T19: =S19/S$30 -> 0.15650591 | U19: ='E. Output'!E19 -> 215500 | V19: =U19/U$30 -> 0.15712944 | W19: ='E. Output'!G19 -> 215500 | X19: =W19/W$30 -> 0.15524755 | Y19: ='E. Output'!I19 -> 215500 | Z19: =Y19/Y$30 -> 0.15395354 | AA19: ='E. Output'!K19 -> 215500 | AB19: =AA19/AA$30 -> 0.15249812 | AC19: 0 | AD19: =AC19/AC$30 -> #DIV/0! | AE19: 0 | AF19: =AE19/AE$30 -> #DIV/0! | AG19: 0 | AH19: =AG19/AG$30 -> #DIV/0! | AI19: 0 | AJ19: =AI19/AI$30 -> #DIV/0! | AK19: 0 | AL19: =AK19/AK$30 -> #DIV/0! | AM19: 0 | AN19: =AM19/AM$30 -> #DIV/0!
B20: Investment Income | C20: =62946-72 -> 62874 | D20: =C20/C$30 -> 0.051278956 | E20: 103008 | F20: =E20/E$30 -> 0.085847869 | G20: =77010 -> 77010 | H20: =G20/G$30 -> 0.06068228 | I20: 80782 | J20: =I20/I$30 -> 0.062230569 | K20: 74454 | L20: =K20/K$30 -> 0.058039998 | M20: 120178 | N20: =M20/M$30 -> 0.10111108 | O20: 114805 | P20: =O20/O$30 -> 0.1156877 | R20: Investment Income | S20: ='E. Output'!C20 -> 491696.13 | T20: =S20/S$30 -> 0.35709211 | U20: ='E. Output'!E20 -> 478367.5 | V20: =U20/U$30 -> 0.34879636 | W20: ='E. Output'!G20 -> 486942.18 | X20: =W20/W$30 -> 0.3507962 | Y20: ='E. Output'!I20 -> 490368.92 | Z20: =Y20/Y$30 -> 0.35032033 | AA20: ='E. Output'!K20 -> 495504.03 | AB20: =AA20/AA$30 -> 0.35064237 | AC20: 0 | AD20: =AC20/AC$30 -> #DIV/0! | AE20: 0 | AF20: =AE20/AE$30 -> #DIV/0! | AG20: 0 | AH20: =AG20/AG$30 -> #DIV/0! | AI20: 0 | AJ20: =AI20/AI$30 -> #DIV/0! | AK20: 0 | AL20: =AK20/AK$30 -> #DIV/0! | AM20: 0 | AN20: =AM20/AM$30 -> #DIV/0!
B21: Gain or Loss on Transactions | C21: 0 | D21: =C21/C$30 -> 0 | E21: 0 | F21: =E21/E$30 -> 0 | G21: -545 | H21: =G21/G$30 -> -0.00042944867 | I21: 776 | J21: =I21/I$30 -> 0.0005977931 | K21: 1666 | L21: =K21/K$30 -> 0.0012987165 | M21: =48-1682 -> -1634 | N21: =M21/M$30 -> -0.0013747566 | P21: =O21/O$30 -> 0 | R21: Gain or Loss on Transactions | S21: ='E. Output'!C21 -> 0 | T21: =S21/S$30 -> 0 | U21: ='E. Output'!E21 -> 0 | V21: =U21/U$30 -> 0 | W21: ='E. Output'!G21 -> 0 | X21: =W21/W$30 -> 0 | Y21: ='E. Output'!I21 -> 0 | Z21: =Y21/Y$30 -> 0 | AA21: ='E. Output'!K21 -> 0 | AB21: =AA21/AA$30 -> 0 | AD21: =AC21/AC$30 -> #DIV/0! | AE21: 0 | AF21: =AE21/AE$30 -> #DIV/0! | AG21: 0 | AH21: =AG21/AG$30 -> #DIV/0! | AI21: 0 | AJ21: =AI21/AI$30 -> #DIV/0! | AK21: 0 | AL21: =AK21/AK$30 -> #DIV/0! | AM21: 0 | AN21: =AM21/AM$30 -> #DIV/0!
B22: Camping | C22: 323022 | D22: =C22/C$30 -> 0.2634512 | E22: 255241 | F22: =E22/E$30 -> 0.21272033 | G22: 360676 | H22: =G22/G$30 -> 0.28420519 | I22: 312113 | J22: =I22/I$30 -> 0.24043685 | K22: 288655 | L22: =K22/K$30 -> 0.22501861 | M22: 236957 | N22: =M22/M$30 -> 0.19936243 | O22: 26535 | P22: =O22/O$30 -> 0.026739019 | R22: Camping | S22: ='E. Output'!C22 -> 26933.025 | T22: =S22/S$30 -> 0.019559989 | U22: ='E. Output'!E22 -> 27337.02 | V22: =U22/U$30 -> 0.019932486 | W22: ='E. Output'!G22 -> 27747.076 | X22: =W22/W$30 -> 0.019989167 | Y22: ='E. Output'!I22 -> 28163.282 | Z22: =Y22/Y$30 -> 0.020119893 | AA22: ='E. Output'!K22 -> 28585.731 | AB22: =AA22/AA$30 -> 0.020228632 | AC22: 0 | AD22: =AC22/AC$30 -> #DIV/0! | AE22: 0 | AF22: =AE22/AE$30 -> #DIV/0! | AG22: 0 | AH22: =AG22/AG$30 -> #DIV/0! | AI22: 0 | AJ22: =AI22/AI$30 -> #DIV/0! | AK22: 0 | AL22: =AK22/AK$30 -> #DIV/0! | AM22: 0 | AN22: =AM22/AM$30 -> #DIV/0!
B23: Activities | C23: 162458 | D23: =C23/C$30 -> 0.13249796 | E23: 52715 | F23: =E23/E$30 -> 0.043933194 | G23: 54384 | H23: =G23/G$30 -> 0.042853462 | I23: 66404 | J23: =I23/I$30 -> 0.051154449 | K23: 106711 | L23: =K23/K$30 -> 0.083185675 | M23: 64086 | N23: =M23/M$30 -> 0.053918393 | O23: 39310 | P23: =O23/O$30 -> 0.039612241 | R23: Activities | S23: ='E. Output'!C23 -> 39899.65 | T23: =S23/S$30 -> 0.028976942 | U23: ='E. Output'!E23 -> 40498.145 | V23: =U23/U$30 -> 0.029528774 | W23: ='E. Output'!G23 -> 41105.617 | X23: =W23/W$30 -> 0.029612744 | Y23: ='E. Output'!I23 -> 41722.201 | Z23: =Y23/Y$30 -> 0.029806406 | AA23: ='E. Output'!K23 -> 42139.423 | AB23: =AA23/AA$30 -> 0.029819873 | AC23: 0 | AD23: =AC23/AC$30 -> #DIV/0! | AE23: 0 | AF23: =AE23/AE$30 -> #DIV/0! | AG23: 0 | AH23: =AG23/AG$30 -> #DIV/0! | AI23: 0 | AJ23: =AI23/AI$30 -> #DIV/0! | AK23: 0 | AL23: =AK23/AK$30 -> #DIV/0! | AM23: 0 | AN23: =AM23/AM$30 -> #DIV/0!
B24: -Jamboree Rev Est. (enter as Positive number) | C24: 104130 | D24: =C24/C$30 -> 0.084926642 | E24: 0 | F24: =E24/E$30 -> 0 | G24: 0 | H24: =G24/G$30 -> 0 | I24: 0 | J24: =I24/I$30 -> 0 | K24: 64104 | L24: =K24/K$30 -> 0.049971742 | M24: 0 | N24: =M24/M$30 -> 0 | O24: 0 | P24: =O24/O$30 -> 0 | R24: -Jamboree Rev Est. (enter as Positive number) | S24: ='E. Output'!C24 -> 0 | T24: =S24/S$30 -> 0 | U24: ='E. Output'!E24 -> 0 | V24: =U24/U$30 -> 0 | W24: ='E. Output'!G24 -> 0 | X24: =W24/W$30 -> 0 | Y24: ='E. Output'!I24 -> 0 | Z24: =Y24/Y$30 -> 0 | AA24: ='E. Output'!K24 -> 0 | AB24: =AA24/AA$30 -> 0 | AC24: 0 | AD24: =AC24/AC$30 -> #DIV/0! | AE24: 0 | AF24: =AE24/AE$30 -> #DIV/0! | AG24: 0 | AH24: =AG24/AG$30 -> #DIV/0! | AI24: 0 | AJ24: =AI24/AI$30 -> #DIV/0! | AK24: 0 | AL24: =AK24/AK$30 -> #DIV/0! | AM24: 0 | AN24: =AM24/AM$30 -> #DIV/0!
B25: Activities Net | C25: =C23-C24 -> 58328 | D25: =C25/C$30 -> 0.047571317 | E25: =E23-E24 -> 52715 | F25: =E25/E$30 -> 0.043933194 | G25: =G23-G24 -> 54384 | H25: =G25/G$30 -> 0.042853462 | I25: =I23-I24 -> 66404 | J25: =I25/I$30 -> 0.051154449 | K25: =K23-K24 -> 42607 | L25: =K25/K$30 -> 0.033213934 | M25: =M23-M24 -> 64086 | N25: =M25/M$30 -> 0.053918393 | O25: =O23-O24 -> 39310 | P25: =O25/O$30 -> 0.039612241 | R25: Activities Net | S25: =S23-S24 -> 39899.65 | T25: =S25/S$30 -> 0.028976942 | U25: =U23-U24 -> 40498.145 | V25: =U25/U$30 -> 0.029528774 | W25: =W23-W24 -> 41105.617 | X25: =W25/W$30 -> 0.029612744 | Y25: =Y23-Y24 -> 41722.201 | Z25: =Y25/Y$30 -> 0.029806406 | AA25: =AA23-AA24 -> 42139.423 | AB25: =AA25/AA$30 -> 0.029819873 | AC25: =AC23-AC24 -> 0 | AD25: =AC25/AC$30 -> #DIV/0! | AE25: =AE23-AE24 -> 0 | AF25: =AE25/AE$30 -> #DIV/0! | AG25: =AG23-AG24 -> 0 | AH25: =AG25/AG$30 -> #DIV/0! | AI25: =AI23-AI24 -> 0 | AJ25: =AI25/AI$30 -> #DIV/0! | AK25: =AK23-AK24 -> 0 | AL25: =AK25/AK$30 -> #DIV/0! | AM25: =AM23-AM24 -> 0 | AN25: =AM25/AM$30 -> #DIV/0!
B26: Other Revenue Less Program Fee | C26: 11964 | D26: =C26/C$30 -> 0.0097576332 | E26: 11531 | F26: =E26/E$30 -> 0.0096100476 | G26: 19518 | H26: =G26/G$30 -> 0.015379778 | I26: 18459 | J26: =I26/I$30 -> 0.014219926 | K26: =22731-4 -> 22727 | L26: =K26/K$30 -> 0.017716644 | M26: =24744+1 -> 24745 | O26: 600 | P26: =O26/O$30 -> 0.0006046132 | R26: Other Revenue Less Program Fee | S26: ='E. Output'!C26 -> 609 | T26: =S26/S$30 -> 0.00044228352 | U26: ='E. Output'!E26 -> 618.135 | V26: =U26/U$30 -> 0.00045070629 | W26: ='E. Output'!G26 -> 627.40702 | X26: =W26/W$30 -> 0.00045198796 | Y26: ='E. Output'!I26 -> 636.81813 | AA26: ='E. Output'!K26 -> 643.18631 | AB26: =AA26/AA$30 -> 0.00045514943
B27: Program Fee | C27: 0 | D27: =C27/C$30 -> 0 | E27: 0 | F27: =E27/E$30 -> 0 | G27: 0 | H27: =G27/G$30 -> 0 | I27: 0 | J27: =I27/I$30 -> 0 | K27: 0 | L27: =K27/K$30 -> 0 | M27: 0 | N27: =M27/M$30 -> 0 | O27: 154000 | P27: =O27/O$30 -> 0.15518405 | R27: Program Fee | S27: ='E. Output'!C27 -> 156310 | T27: =S27/S$30 -> 0.11351944 | U27: ='E. Output'!E27 -> 158654.65 | V27: =U27/U$30 -> 0.11568128 | W27: ='E. Output'!G27 -> 161034.47 | X27: =W27/W$30 -> 0.11601024 | Y27: ='E. Output'!I27 -> 163449.99 | Z27: =Y27/Y$30 -> 0.11676893 | AA27: ='E. Output'!K27 -> 165901.74 | AB27: =AA27/AA$30 -> 0.11740001 | AC27: 0 | AD27: =AC27/AC$30 -> #DIV/0! | AE27: 0 | AF27: =AE27/AE$30 -> #DIV/0! | AG27: 0 | AH27: =AG27/AG$30 -> #DIV/0! | AI27: 0 | AJ27: =AI27/AI$30 -> #DIV/0! | AK27: 0 | AL27: =AK27/AK$30 -> #DIV/0! | AM27: 0 | AN27: =AM27/AM$30 -> #DIV/0!
B28: Total Adjusted Revenue | C28: =C18+C19+C20+C21+C22+C25+C26+C27 -> 604812 | D28: =C28/C$30 -> 0.4932743 | E28: =E18+E19+E20+E21+E22+E25+E27+E26 -> 585506 | F28: =E28/E$30 -> 0.4879664 | G28: =G18+G19+G20+G21+G22+G25+G27+G26 -> 704406 | H28: =G28/G$30 -> 0.55505729 | I28: =I18+I19+I20+I21+I22+I25+I27+I26 -> 696262 | J28: =I28/I$30 -> 0.53636677 | K28: =K18+K19+K20+K21+K22+K25+K27+K26 -> 678308 | L28: =K28/K$30 -> 0.52876938 | M28: =M18+M19+M20+M21+M22+M25+M27+M26 -> 697494 | N28: =M28/M$30 -> 0.58683262 | O28: =O18+O19+O20+O21+O22+O25+O27+O26 -> 555070 | P28: =O28/O$30 -> 0.55933775 | R28: Total Adjusted Revenue | S28: =S18+S19+S20+S21+S22+S25+S27+S26 -> 935267.81 | T28: =S28/S$30 -> 0.67923406 | U28: =U18+U19+U20+U21+U22+U25+U27+U26 -> 925295.45 | V28: =U28/U$30 -> 0.67466893 | W28: =W18+W19+W20+W21+W22+W25+W27+W26 -> 937276.75 | X28: =W28/W$30 -> 0.67522005 | Y28: =Y18+Y19+Y20+Y21+Y22+Y25+Y27+Y26 -> 944161.2 | Z28: =Y28/Y$30 -> 0.67451026 | AA28: =AA18+AA19+AA20+AA21+AA22+AA25+AA27+AA26 -> 952594.1 | AB28: =AA28/AA$30 -> 0.6741012 | AC28: =AC18+AC19+AC20+AC21+AC22+AC25+AC27 -> 0 | AD28: =AC28/AC$30 -> #DIV/0! | AE28: =AE18+AE19+AE20+AE21+AE22+AE25+AE27 -> 0 | AF28: =AE28/AE$30 -> #DIV/0! | AG28: =AG18+AG19+AG20+AG21+AG22+AG25+AG27 -> 0 | AH28: =AG28/AG$30 -> #DIV/0! | AI28: =AI18+AI19+AI20+AI21+AI22+AI25+AI27 -> 0 | AJ28: =AI28/AI$30 -> #DIV/0! | AK28: =AK18+AK19+AK20+AK21+AK22+AK25+AK27 -> 0 | AL28: =AK28/AK$30 -> #DIV/0! | AM28: =AM18+AM19+AM20+AM21+AM22+AM25+AM27 -> 0 | AN28: =AM28/AM$30 -> #DIV/0!
B29: Total Reclass of Net Assets | C29: 0 | D29: =C29/C$30 -> 0 | E29: 0 | F29: =E29/E$30 -> 0 | G29: 0 | H29: =G29/G$30 -> 0 | I29: 0 | J29: =I29/I$30 -> 0 | K29: 0 | L29: =K29/K$30 -> 0 | M29: 0 | N29: =M29/M$30 -> 0 | O29: 0 | P29: =O29/O$30 -> 0 | R29: Total Reclass of Net Assets | S29: ='E. Output'!C29 -> 0 | T29: =S29/S$30 -> 0 | U29: ='E. Output'!E29 -> 0 | V29: =U29/U$30 -> 0 | W29: ='E. Output'!G29 -> 0 | X29: =W29/W$30 -> 0 | Y29: ='E. Output'!I29 -> 0 | Z29: =Y29/Y$30 -> 0 | AA29: ='E. Output'!K29 -> 0 | AB29: =AA29/AA$30 -> 0 | AC29: 0 | AD29: =AC29/AC$30 -> #DIV/0! | AE29: 0 | AF29: =AE29/AE$30 -> #DIV/0! | AG29: 0 | AH29: =AG29/AG$30 -> #DIV/0! | AI29: 0 | AJ29: =AI29/AI$30 -> #DIV/0! | AK29: 0 | AL29: =AK29/AK$30 -> #DIV/0! | AM29: 0 | AN29: =AM29/AM$30 -> #DIV/0!
A30: Total Adjusted Income & Transfers | C30: =C14+C17+C28+C29 -> 1226117 | D30: =C30/C$30 -> 1 | E30: =E14+E17+E28+E29 -> 1199890 | F30: =E30/E$30 -> 1 | G30: =G14+G17+G28+G29 -> 1269069 | H30: =G30/G$30 -> 1 | I30: =I14+I17+I28+I29 -> 1298108 | J30: =I30/I$30 -> 1 | K30: =K14+K17+K28+K29 -> 1282805 | L30: =K30/K$30 -> 1 | M30: =M14+M17+M28+M29 -> 1188574 | N30: =M30/M$30 -> 1 | O30: =O14+O17+O28+O29 -> 992370 | P30: =O30/O$30 -> 1 | Q30: Total Adjusted Income & Transfers | S30: =S14+S17+S28+S29 -> 1376944.8 | T30: =S30/S$30 -> 1 | U30: =U14+U17+U28+U29 -> 1371480.8 | V30: =U30/U$30 -> 1 | W30: =W14+W17+W28+W29 -> 1388105.6 | X30: =W30/W$30 -> 1 | Y30: =Y14+Y17+Y28+Y29 -> 1399772.9 | Z30: =Y30/Y$30 -> 1 | AA30: =AA14+AA17+AA28+AA29 -> 1413132.2 | AB30: =AA30/AA$30 -> 1 | AC30: =AC14+AC17+AC28+AC29 -> 0 | AD30: =AC30/AC$30 -> #DIV/0! | AE30: =AE14+AE17+AE28+AE29 -> 0 | AF30: =AE30/AE$30 -> #DIV/0! | AG30: =AG14+AG17+AG28+AG29 -> 0 | AH30: =AG30/AG$30 -> #DIV/0! | AI30: =AI14+AI17+AI28+AI29 -> 0 | AJ30: =AI30/AI$30 -> #DIV/0! | AK30: =AK14+AK17+AK28+AK29 -> 0 | AL30: =AK30/AK$30 -> #DIV/0! | AM30: =AM14+AM17+AM28+AM29 -> 0 | AN30: =AM30/AM$30 -> #DIV/0!
A32: Operating Expense & Transfers | Q32: Operating Expense & Transfers | AR32: \
AR33: ]]]]]]]]]]]]]]]
B34: Total Employee Compensation | C34: 652625 | D34: =C34/C$38 -> 0.5378841 | E34: 654187 | F34: =E34/E$38 -> 0.5574808 | G34: 666704 | H34: =G34/G$38 -> 0.52937426 | I34: 717212 | J34: =I34/I$38 -> 0.5532276 | K34: 655769 | L34: =K34/K$38 -> 0.52376 | M34: 563919 | N34: =M34/M$38 -> 0.51544077 | O34: 614306 | P34: =O34/O$38 -> 0.62924942 | R34: Total Employee Compensation | S34: ='E. Output'!C34 -> 632735.18 | T34: =S34/S$38 -> 0.63038396 | U34: ='E. Output'!E34 -> 651717.24 | V34: =U34/U$38 -> 0.63151706 | W34: ='E. Output'!G34 -> 671268.75 | X34: =W34/W$38 -> 0.63264871 | Y34: ='E. Output'!I34 -> 691406.82 | Z34: =Y34/Y$38 -> 0.6337789 | AA34: ='E. Output'!K34 -> 712149.02 | AB34: =AA34/AA$38 -> 0.63490762 | AC34: 0 | AD34: =AC34/AC$38 -> #DIV/0! | AE34: 0 | AF34: =AE34/AE$38 -> #DIV/0! | AG34: 0 | AH34: =AG34/AG$38 -> #DIV/0! | AI34: 0 | AJ34: =AI34/AI$38 -> #DIV/0! | AK34: 0 | AL34: =AK34/AK$38 -> #DIV/0! | AM34: 0 | AN34: =AM34/AM$38 -> #DIV/0!
B35: Total Other Expenses | C35: 664824 | D35: =C35/C$38 -> 0.54793834 | E35: 519283 | F35: =E35/E$38 -> 0.4425192 | G35: 592715 | H35: =G35/G$38 -> 0.47062574 | I35: 579202 | J35: =I35/I$38 -> 0.4467724 | K35: =660376 -> 660376 | L35: =K35/K$38 -> 0.5274396 | M35: =530132+1 -> 530133 | N35: =M35/M$38 -> 0.48455923 | O35: 361946 | P35: =O35/O$38 -> 0.37075058 | R35: Total Other Expenses | S35: ='E. Output'!C35 -> 370994.65 | T35: =S35/S$38 -> 0.36961604 | U35: ='E. Output'!E35 -> 380269.52 | V35: =U35/U$38 -> 0.36848294 | W35: ='E. Output'!G35 -> 389776.25 | X35: =W35/W$38 -> 0.36735129 | Y35: ='E. Output'!I35 -> 399520.66 | Z35: =Y35/Y$38 -> 0.3662211 | AA35: ='E. Output'!K35 -> 409508.68 | AB35: =AA35/AA$38 -> 0.36509238 | AC35: 0 | AD35: =AC35/AC$38 -> #DIV/0! | AE35: 0 | AF35: =AE35/AE$38 -> #DIV/0! | AG35: 0 | AH35: =AG35/AG$38 -> #DIV/0! | AI35: 0 | AJ35: =AI35/AI$38 -> #DIV/0! | AK35: 0 | AL35: =AK35/AK$38 -> #DIV/0! | AM35: 0 | AN35: =AM35/AM$38 -> #DIV/0!
B36: -Jamboree Exp. (no entry-carried from line 24) | C36: =C24 -> 104130 | D36: =C36/C$38 -> 0.085822442 | E36: =E24 -> 0 | F36: =E36/E$38 -> 0 | G36: =G24 -> 0 | H36: =G36/G$38 -> 0 | I36: =I24 -> 0 | J36: =I36/I$38 -> 0 | K36: =K24 -> 64104 | L36: =K36/K$38 -> 0.051199601 | M36: =M24 -> 0 | N36: =M36/M$38 -> 0 | O36: =O24 -> 0 | P36: =O36/O$38 -> 0 | R36: -Jamboree Exp. (no entry-carried from line 24) | S36: ='E. Output'!C36 -> 0 | T36: =S36/S$38 -> 0 | U36: ='E. Output'!E36 -> 0 | V36: =U36/U$38 -> 0 | W36: ='E. Output'!G36 -> 0 | X36: =W36/W$38 -> 0 | Y36: ='E. Output'!I36 -> 0 | Z36: =Y36/Y$38 -> 0 | AA36: ='E. Output'!K36 -> 0 | AB36: =AA36/AA$38 -> 0 | AC36: =AC24 -> 0 | AD36: =AC36/AC$38 -> #DIV/0! | AE36: =AE24 -> 0 | AF36: =AE36/AE$38 -> #DIV/0! | AG36: =AG24 -> 0 | AH36: =AG36/AG$38 -> #DIV/0! | AI36: =AI24 -> 0 | AJ36: =AI36/AI$38 -> #DIV/0! | AK36: =AK24 -> 0 | AL36: =AK36/AK$38 -> #DIV/0! | AM36: =AM24 -> 0 | AN36: =AM36/AM$38 -> #DIV/0!
B37: Net Other Expenses | C37: =C35-C36 -> 560694 | D37: =C37/C$38 -> 0.4621159 | E37: =E35-E36 -> 519283 | F37: =E37/E$38 -> 0.4425192 | G37: =G35-G36 -> 592715 | H37: =G37/G$38 -> 0.47062574 | I37: =I35-I36 -> 579202 | J37: =I37/I$38 -> 0.4467724 | K37: =K35-K36 -> 596272 | L37: =K37/K$38 -> 0.47624 | M37: =M35-M36 -> 530133 | N37: =M37/M$38 -> 0.48455923 | O37: =O35-O36 -> 361946 | P37: =O37/O$38 -> 0.37075058 | R37: Net Other Expenses | S37: ='E. Output'!C37 -> 370994.65 | T37: =S37/S$38 -> 0.36961604 | U37: ='E. Output'!E37 -> 380269.52 | V37: =U37/U$38 -> 0.36848294 | W37: ='E. Output'!G37 -> 389776.25 | X37: =W37/W$38 -> 0.36735129 | Y37: ='E. Output'!I37 -> 399520.66 | Z37: =Y37/Y$38 -> 0.3662211 | AA37: ='E. Output'!K37 -> 409508.68 | AB37: =AA37/AA$38 -> 0.36509238 | AC37: =AC35-AC36 -> 0 | AD37: =AC37/AC$38 -> #DIV/0! | AE37: =AE35-AE36 -> 0 | AF37: =AE37/AE$38 -> #DIV/0! | AG37: =AG35-AG36 -> 0 | AH37: =AG37/AG$38 -> #DIV/0! | AI37: =AI35-AI36 -> 0 | AJ37: =AI37/AI$38 -> #DIV/0! | AK37: =AK35-AK36 -> 0 | AL37: =AK37/AK$38 -> #DIV/0! | AM37: =AM35-AM36 -> 0 | AN37: =AM37/AM$38 -> #DIV/0!
A38: Total Expenses | C38: =C34+C37 -> 1213319 | D38: =C38/C$38 -> 1 | E38: =E34+E37 -> 1173470 | F38: =E38/E$38 -> 1 | G38: =G34+G37 -> 1259419 | H38: =G38/G$38 -> 1 | I38: =I34+I37 -> 1296414 | J38: =I38/I$38 -> 1 | K38: =K34+K37 -> 1252041 | L38: =K38/K$38 -> 1 | M38: =M34+M37 -> 1094052 | N38: 1 | O38: =O34+O37 -> 976252 | P38: =O38/O$38 -> 1 | Q38: Total Expenses | S38: =S34+S37 -> 1003729.8 | T38: =S38/S$38 -> 1 | U38: =U34+U37 -> 1031986.8 | V38: =U38/U$38 -> 1 | W38: =W34+W37 -> 1061045 | X38: =W38/W$38 -> 1 | Y38: =Y34+Y37 -> 1090927.5 | Z38: =Y38/Y$38 -> 1 | AA38: =AA34+AA37 -> 1121657.7 | AB38: 1 | AC38: =AC34+AC37 -> 0 | AD38: =AC38/AC$38 -> #DIV/0! | AE38: =AE34+AE37 -> 0 | AF38: =AE38/AE$38 -> #DIV/0! | AG38: =AG34+AG37 -> 0 | AH38: =AG38/AG$38 -> #DIV/0! | AI38: =AI34+AI37 -> 0 | AJ38: =AI38/AI$38 -> #DIV/0! | AK38: =AK34+AK37 -> 0 | AL38: =AK38/AK$38 -> #DIV/0! | AM38: =AM34+AM37 -> 0 | AN38: 1
A40: Increase(Decrease) in Unrestricted Net Assets | C40: =C30-C38 -> 12798 | E40: =E30-E38 -> 26420 | G40: =G30-G38 -> 9650 | I40: =I30-I38 -> 1694 | K40: =K30-K38 -> 30764 | M40: =M30-M38 -> 94522 | O40: =O30-O38 -> 16118 | Q40: Increase(Decrease) in Unrestricted Net Assets | S40: =S30-S38 -> 373214.98 | U40: =U30-U38 -> 339494.01 | W40: =W30-W38 -> 327060.62 | Y40: =Y30-Y38 -> 308845.46 | AA40: =AA30-AA38 -> 291474.5 | AC40: =AC30-AC38 -> 0 | AE40: =AE30-AE38 -> 0 | AG40: =AG30-AG38 -> 0 | AI40: =AI30-AI38 -> 0 | AK40: =AK30-AK38 -> 0 | AM40: =AM30-AM38 -> 0
R41: Target Surplus at 5% of Revenue | S41: =(0.05*S30) -> 68847.24 | U41: =(0.05*U30) -> 68574.038 | W41: =(0.05*W30) -> 69405.281 | Y41: =(0.05*Y30) -> 69988.647 | AA41: =(0.05*AA30) -> 70656.61
A42: Unrestricted Net Assets Beginning of Year | C42: 300000 | E42: =C45 -> 296819 | G42: =E45 -> 713626.09 | I42: =G45 -> 706250.09 | K42: =I45 -> 715223.09 | M42: =K45 -> 988588.09 | O42: =M45 -> 1095300.1 | Q42: Unrestricted Net Assets Beginning of Year | S42: =O45 -> 1111418.1 | U42: =S45 -> 1384633.1 | W42: =U45 -> 1724127.1 | Y42: =W45 -> 2051187.7 | AA42: =Y45 -> 2360033.2 | AC42: 0 | AE42: =AC45 -> 0 | AG42: =AE45 -> 0 | AI42: =AG45 -> 0 | AK42: =AI45 -> 0 | AM42: =AK45 -> 0
A43: Adjustments to Net Assets | C43: 0 | E43: 0 | G43: =-18026+1000 -> -17026 | I43: =-51 -> -51 | K43: =-7400+1 -> -7399 | M43: =-14810 -> -14810 | O43: 0 | Q43: Adjustments to Net Assets | S43: 0 | U43: 0 | W43: 0 | Y43: 0 | AC43: 0 | AE43: 0 | AG43: 0 | AI43: 0 | AK43: 0
A44: Transfers | C44: =-15977-2 -> -15979 | E44: 390387.09 | G44: 0 | I44: =7330 -> 7330 | K44: 250000 | M44: 27000 | O44: 0 | Q44: Transfers | S44: ='E. Output'!C41 -> 100000 | U44: ='E. Output'!E41 -> 0 | W44: ='E. Output'!G41 -> 0 | Y44: ='E. Output'!I41 -> 0 | AA44: ='E. Output'!K41 -> 0 | AC44: 0 | AE44: 0 | AG44: 0 | AI44: 0 | AK44: 0
A45: Unrestricted Net Assets End of Year | C45: =C40+C42+C43+C44 -> 296819 | E45: =E40+E42+E43+E44 -> 713626.09 | G45: =G40+G42+G43+G44 -> 706250.09 | I45: =I40+I42+I43+I44 -> 715223.09 | K45: =K40+K42+K43+K44 -> 988588.09 | M45: =M40+M42+M43+M44 -> 1095300.1 | O45: =O40+O42+O43+O44 -> 1111418.1 | Q45: Unrestricted Net Assets End of Year | S45: =S40+S42+S43-S44 -> 1384633.1 | U45: =U40+U42+U43-U44 -> 1724127.1 | W45: =W40+W42+W43-W44 -> 2051187.7 | Y45: =Y40+Y42+Y43-Y44 -> 2360033.2 | AA45: =AA40+AA42+AA43-AA44 -> 2651507.7 | AC45: =AC40+AC42+AC43+AC44 -> 0 | AE45: =AE40+AE42+AE43+AE44 -> 0 | AG45: =AG40+AG42+AG43+AG44 -> 0 | AI45: =AI40+AI42+AI43+AI44 -> 0 | AK45: =AK40+AK42+AK43+AK44 -> 0 | AM45: =AM40+AM42+AM43+AM44 -> 0
C46: =Setup!B6&" Membership History" -> Sample Council- #0325 Membership History | S46: =Setup!B6&" Membership Plan" -> Sample Council- #0325 Membership Plan
E47: =E4 -> 2017 | G47: =G4 -> 2018 | I47: =I4 -> 2019 | K47: =K4 -> 2020 | M47: =M4 -> 2021 | O47: =O4 -> 2022 | S47: =S4 -> 2023 | U47: =U4 -> 2024 | W47: =W4 -> 2025 | Y47: =Y4 -> 2026 | AA47: =AA4 -> 2027
E48: ACTUAL | G48: ACTUAL | H48: % | I48: ACTUAL | J48: % | K48: ACTUAL | L48: % | M48: ACTUAL | N48: % | O48: BUDGET | P48: % | S48: PLAN | T48: % | U48: PLAN | V48: % | W48: PLAN | X48: % | Y48: PLAN | Z48: % | AA48: PLAN
A49: Membership | H49: Change | J49: Change | L49: Change | N49: Change | P49: Change | Q49: Membership | T49: Change | V49: Change | X49: Change | Z49: Change
B50: Cub Scouts (including Tigers and Webelos) | E50: ='Membership History and Planning'!C10 -> 2435 | G50: ='Membership History and Planning'!D10 -> 2380 | H50: =(G50/E50-1) -> -0.022587269 | I50: ='Membership History and Planning'!E10 -> 2401 | J50: =(I50/G50-1) -> 0.0088235294 | K50: ='Membership History and Planning'!F10 -> 2116 | L50: =(K50/I50-1) -> -0.11870054 | M50: ='Membership History and Planning'!G10 -> 1300 | N50: =(M50/K50-1) -> -0.38563327 | O50: ='Membership History and Planning'!K10 -> 1320 | P50: =(O50/M50-1) -> 0.015384615 | R50: Cub Scouts (including Tigers and Webelos) | S50: ='Membership History and Planning'!Q10 -> 1332 | T50: =(S50/O50-1) -> 0.0090909091 | U50: ='Membership History and Planning'!U10 -> 1344 | V50: =(U50/S50-1) -> 0.009009009 | W50: ='Membership History and Planning'!Y10 -> 1356 | X50: =(W50/U50-1) -> 0.0089285714 | Y50: ='Membership History and Planning'!AC10 -> 1368 | Z50: =(Y50/W50-1) -> 0.0088495575 | AA50: ='Membership History and Planning'!AG10 -> 1380
B51: Boy Scouts | E51: ='Membership History and Planning'!C12 -> 2422 | G51: ='Membership History and Planning'!D12 -> 2413 | H51: =(G51/E51-1) -> -0.0037159372 | I51: ='Membership History and Planning'!E12 -> 2377 | J51: =(I51/G51-1) -> -0.014919188 | K51: ='Membership History and Planning'!F12 -> 2245 | L51: =(K51/I51-1) -> -0.055532183 | M51: ='Membership History and Planning'!G12 -> 1400 | N51: =(M51/K51-1) -> -0.37639198 | O51: ='Membership History and Planning'!K12 -> 1418 | P51: =(O51/M51-1) -> 0.012857143 | R51: Boy Scouts | S51: ='Membership History and Planning'!Q12 -> 1430 | T51: =(S51/O51-1) -> 0.0084626234 | U51: ='Membership History and Planning'!U12 -> 1442 | V51: =(U51/S51-1) -> 0.0083916084 | W51: ='Membership History and Planning'!Y12 -> 1454 | X51: =(W51/U51-1) -> 0.0083217753 | Y51: ='Membership History and Planning'!AC12 -> 1466 | Z51: =(Y51/W51-1) -> 0.0082530949 | AA51: ='Membership History and Planning'!AG12 -> 1478
B52: Venturers | E52: ='Membership History and Planning'!C14 -> 1159 | G52: ='Membership History and Planning'!D14 -> 982 | H52: =(G52/E52-1) -> -0.15271786 | I52: ='Membership History and Planning'!E14 -> 1014 | J52: =(I52/G52-1) -> 0.032586558 | K52: ='Membership History and Planning'!F14 -> 563 | L52: =(K52/I52-1) -> -0.44477318 | M52: ='Membership History and Planning'!G14 -> 300 | N52: =(M52/K52-1) -> -0.46714032 | O52: ='Membership History and Planning'!K14 -> 324 | P52: =(O52/M52-1) -> 0.08 | R52: Venturers | S52: ='Membership History and Planning'!Q14 -> 333 | T52: =(S52/O52-1) -> 0.027777778 | U52: ='Membership History and Planning'!U14 -> 342 | V52: =(U52/S52-1) -> 0.027027027 | W52: ='Membership History and Planning'!Y14 -> 351 | X52: =(W52/U52-1) -> 0.026315789 | Y52: ='Membership History and Planning'!AC14 -> 360 | Z52: =(Y52/W52-1) -> 0.025641026 | AA52: ='Membership History and Planning'!AG14 -> 369
B53: Total Traditional | E53: ='Membership History and Planning'!C15 -> 6016 | G53: ='Membership History and Planning'!D15 -> 5775 | H53: =(G53/E53-1) -> -0.04005984 | I53: ='Membership History and Planning'!E15 -> 5792 | J53: =(I53/G53-1) -> 0.0029437229 | K53: ='Membership History and Planning'!F15 -> 4924 | L53: =(K53/I53-1) -> -0.14986188 | M53: ='Membership History and Planning'!G15 -> 3000 | N53: =(M53/K53-1) -> -0.39073924 | O53: ='Membership History and Planning'!K15 -> 3062 | P53: =(O53/M53-1) -> 0.020666667 | R53: Total Traditional | S53: ='Membership History and Planning'!Q15 -> 3095 | T53: =(S53/O53-1) -> 0.01077727 | U53: ='Membership History and Planning'!U15 -> 3128 | V53: =(U53/S53-1) -> 0.010662359 | W53: ='Membership History and Planning'!Y15 -> 3161 | X53: =(W53/U53-1) -> 0.010549872 | Y53: ='Membership History and Planning'!AC15 -> 3194 | Z53: =(Y53/W53-1) -> 0.010439734 | AA53: ='Membership History and Planning'!AG15 -> 3227
B54: Explorers | E54: ='Membership History and Planning'!C16 -> 517 | G54: ='Membership History and Planning'!D16 -> 613 | H54: =(G54/E54-1) -> 0.18568665 | I54: ='Membership History and Planning'!E16 -> 700 | J54: =(I54/G54-1) -> 0.14192496 | K54: ='Membership History and Planning'!F16 -> 527 | L54: =(K54/I54-1) -> -0.24714286 | M54: ='Membership History and Planning'!G16 -> 275 | N54: =(M54/K54-1) -> -0.47817837 | O54: ='Membership History and Planning'!K16 -> 276 | P54: =(O54/M54-1) -> 0.0036363636 | R54: Explorers | S54: ='Membership History and Planning'!Q16 -> 277 | T54: =(S54/O54-1) -> 0.0036231884 | U54: ='Membership History and Planning'!U16 -> 278 | V54: =(U54/S54-1) -> 0.0036101083 | W54: ='Membership History and Planning'!Y16 -> 279 | X54: =(W54/U54-1) -> 0.0035971223 | Y54: ='Membership History and Planning'!AC16 -> 280 | Z54: =(Y54/W54-1) -> 0.0035842294 | AA54: ='Membership History and Planning'!AG16 -> 281
B55: Total Youth | E55: ='Membership History and Planning'!C17 -> 6533 | G55: ='Membership History and Planning'!D17 -> 6388 | H55: =(G55/E55-1) -> -0.02219501 | I55: ='Membership History and Planning'!E17 -> 6492 | J55: =(I55/G55-1) -> 0.016280526 | K55: ='Membership History and Planning'!F17 -> 5451 | L55: =(K55/I55-1) -> -0.1603512 | M55: ='Membership History and Planning'!G17 -> 3275 | N55: =(M55/K55-1) -> -0.39919281 | O55: ='Membership History and Planning'!K17 -> 3338 | P55: =(O55/M55-1) -> 0.019236641 | R55: Total Youth | S55: ='Membership History and Planning'!Q17 -> 3372 | T55: =(S55/O55-1) -> 0.01018574 | U55: ='Membership History and Planning'!U17 -> 3406 | V55: =(U55/S55-1) -> 0.010083037 | W55: ='Membership History and Planning'!Y17 -> 3440 | X55: =(W55/U55-1) -> 0.009982384 | Y55: ='Membership History and Planning'!AC17 -> 3474 | Z55: =(Y55/W55-1) -> 0.0098837209 | AA55: ='Membership History and Planning'!AG17 -> 3508
R56: Total Adults | S56: ='Membership History and Planning'!Q19 -> 1102 | U56: ='Membership History and Planning'!U19 -> 1103 | W56: ='Membership History and Planning'!Y19 -> 1104 | Y56: ='Membership History and Planning'!AC19 -> 1105 | AA56: ='Membership History and Planning'!AG19 -> 1106
B58: FOS/Traditional | E58: ='Membership History and Planning'!C23 -> 50.604222 | G58: ='Membership History and Planning'!D23 -> 42.790303 | I58: ='Membership History and Planning'!E23 -> 44.460117 | K58: ='Membership History and Planning'!F23 -> 43.878351 | M58: ='Membership History and Planning'!G23 -> 89.057667 | O58: ='Membership History and Planning'!K23 -> 32.658393 | R58: FOS/Traditional | S58: ='Membership History and Planning'!Q23 -> 33.279483 | U58: ='Membership History and Planning'!U23 -> 33.91624 | W58: ='Membership History and Planning'!Y23 -> 34.569029 | Y58: ='Membership History and Planning'!AC23 -> 35.238222 | AA58: ='Membership History and Planning'!AG23 -> 35.924204
B59: Direct Support/Traditional | E59: ='Membership History and Planning'!C24 -> 91.750332 | G59: ='Membership History and Planning'!D24 -> 89.661645 | I59: ='Membership History and Planning'!E24 -> 96.583564 | K59: ='Membership History and Planning'!F24 -> 113.70552 | M59: ='Membership History and Planning'!G24 -> 152.50667 | O59: ='Membership History and Planning'!K24 -> 132.23383 | R59: Direct Support/Traditional | S59: ='Membership History and Planning'!Q24 -> 132.23813 | U59: ='Membership History and Planning'!U24 -> 132.28431 | W59: ='Membership History and Planning'!Y24 -> 132.37231 | Y59: ='Membership History and Planning'!AC24 -> 132.50211 | AA59: ='Membership History and Planning'!AG24 -> 132.67372
B60: Total Support and Revenue/Traditional | E60: ='Membership History and Planning'!C25 -> 199.4498 | G60: ='Membership History and Planning'!D25 -> 219.75221 | I60: ='Membership History and Planning'!E25 -> 224.12086 | K60: ='Membership History and Planning'!F25 -> 260.52092 | M60: ='Membership History and Planning'!G25 -> 396.19133 | O60: ='Membership History and Planning'!K25 -> 324.0921 | R60: Total Support and Revenue/Traditional | S60: ='Membership History and Planning'!Q25 -> 444.89331 | U60: ='Membership History and Planning'!U25 -> 438.45293 | W60: ='Membership History and Planning'!Y25 -> 439.13496 | Y60: ='Membership History and Planning'!AC25 -> 438.25076 | AA60: ='Membership History and Planning'!AG25 -> 437.90895
B62: Employee Compensation/Traditional | E62: ='Membership History and Planning'!C27 -> 108.74119 | G62: ='Membership History and Planning'!D27 -> 115.44658 | I62: ='Membership History and Planning'!E27 -> 123.82804 | K62: ='Membership History and Planning'!F27 -> 133.17811 | M62: ='Membership History and Planning'!G27 -> 187.973 | O62: ='Membership History and Planning'!K27 -> 200.62247 | R62: Employee Compensation/Traditional | S62: ='Membership History and Planning'!Q27 -> 204.43786 | U62: ='Membership History and Planning'!U27 -> 208.3495 | W62: ='Membership History and Planning'!Y27 -> 212.35962 | Y62: ='Membership History and Planning'!AC27 -> 216.47051 | AA62: ='Membership History and Planning'!AG27 -> 220.68454
B63: Total Expenses/Traditional | E63: ='Membership History and Planning'!C28 -> 195.05818 | G63: ='Membership History and Planning'!D28 -> 218.08121 | I63: ='Membership History and Planning'!E28 -> 223.82838 | K63: ='Membership History and Planning'!F28 -> 254.27315 | M63: ='Membership History and Planning'!G28 -> 364.684 | O63: ='Membership History and Planning'!K28 -> 318.82822 | R63: Total Expenses/Traditional | S63: ='Membership History and Planning'!Q28 -> 324.30689 | U63: ='Membership History and Planning'!U28 -> 329.91904 | W63: ='Membership History and Planning'!Y28 -> 335.66751 | Y63: ='Membership History and Planning'!AC28 -> 341.55525 | AA63: ='Membership History and Planning'!AG28 -> 347.58528
B66: FOS/Total Youth | E66: ='Membership History and Planning'!C32 -> 46.599571 | G66: ='Membership History and Planning'!D32 -> 38.684095 | I66: ='Membership History and Planning'!E32 -> 39.666205 | K66: ='Membership History and Planning'!F32 -> 39.636214 | M66: ='Membership History and Planning'!G32 -> 81.579542 | O66: ='Membership History and Planning'!K32 -> 29.958059 | R66: FOS/Total Youth | S66: ='Membership History and Planning'!Q32 -> 30.54567 | U66: ='Membership History and Planning'!U32 -> 31.147974 | W66: ='Membership History and Planning'!Y32 -> 31.76532 | Y66: ='Membership History and Planning'!AC32 -> 32.398066 | AA66: ='Membership History and Planning'!AG32 -> 33.046581
B67: Direct Support/Total Youth | E67: ='Membership History and Planning'!C33 -> 84.489515 | G67: ='Membership History and Planning'!D33 -> 81.057608 | I67: ='Membership History and Planning'!E33 -> 86.169439 | K67: ='Membership History and Planning'!F33 -> 102.71253 | M67: ='Membership History and Planning'!G33 -> 139.70076 | O67: ='Membership History and Planning'!K33 -> 121.30018 | R67: Direct Support/Total Youth | S67: ='Membership History and Planning'!Q33 -> 121.37515 | U67: ='Membership History and Planning'!U33 -> 121.48717 | W67: ='Membership History and Planning'!Y33 -> 121.6363 | Y67: ='Membership History and Planning'!AC33 -> 121.82261 | AA67: ='Membership History and Planning'!AG33 -> 122.04621
B68: Total Support and Revenue/Total Youth | E68: ='Membership History and Planning'!C34 -> 183.666 | G68: ='Membership History and Planning'!D34 -> 198.66453 | I68: ='Membership History and Planning'!E34 -> 199.95502 | K68: ='Membership History and Planning'!F34 -> 235.33388 | M68: ='Membership History and Planning'!G34 -> 362.92336 | O68: ='Membership History and Planning'!K34 -> 297.29479 | R68: Total Support and Revenue/Total Youth | S68: ='Membership History and Planning'!Q34 -> 408.34662 | U68: ='Membership History and Planning'!U34 -> 402.66611 | W68: ='Membership History and Planning'!Y34 -> 403.51908 | Y68: ='Membership History and Planning'!AC34 -> 402.92831 | AA68: ='Membership History and Planning'!AG34 -> 402.8313
M69: ='Membership History and Planning'!G35 -> 0
B70: Employee Compensation/Total Youth | E70: ='Membership History and Planning'!C36 -> 100.13577 | G70: ='Membership History and Planning'!D36 -> 104.36819 | I70: ='Membership History and Planning'!E36 -> 110.47628 | K70: ='Membership History and Planning'!F36 -> 120.30251 | M70: ='Membership History and Planning'!G36 -> 172.18901 | O70: ='Membership History and Planning'!K36 -> 184.03415 | R70: Employee Compensation/Total Youth | S70: ='Membership History and Planning'!Q36 -> 187.64388 | U70: ='Membership History and Planning'!U36 -> 191.34387 | W70: ='Membership History and Planning'!Y36 -> 195.13627 | Y70: ='Membership History and Planning'!AC36 -> 199.02326 | AA70: ='Membership History and Planning'!AG36 -> 203.00713
B71: Total Expenses/Total Youth | E71: ='Membership History and Planning'!C37 -> 179.62192 | G71: ='Membership History and Planning'!D37 -> 197.15388 | I71: ='Membership History and Planning'!E37 -> 199.69409 | K71: ='Membership History and Planning'!F37 -> 229.69015 | M71: ='Membership History and Planning'!G37 -> 334.06168 | O71: ='Membership History and Planning'!K37 -> 292.46615 | R71: Total Expenses/Total Youth | S71: ='Membership History and Planning'!Q37 -> 297.66602 | U71: ='Membership History and Planning'!U37 -> 302.99083 | W71: ='Membership History and Planning'!Y37 -> 308.44332 | Y71: ='Membership History and Planning'!AC37 -> 314.02633 | AA71: ='Membership History and Planning'!AG37 -> 319.74279

Sheet B. Historical Growth
A1: B. Historical Growth | H1: =Setup!B2 -> Five Year Operating and Membership Plan
A2: =Setup!B6&" Council Operating Fund Historical Growth" -> Sample Council- #0325 Council Operating Fund Historical Growth
D3: =Setup!$B4-4 -> 2018 | F3: =Setup!$B4-3 -> 2019 | H3: =Setup!$B4-2 -> 2020 | J3: =Setup!$B4-1 -> 2021 | L3: =Setup!$B4 -> 2022 | N3: 4 Year | P3: 5 Year
D4: % Annual Growth | F4: % Annual Growth | H4: % Annual Growth | J4: % Annual Growth | L4: % Budget Growth | N4: ACTUAL CAGR | P4: BUDGET CAGR
A5: Operating Income & Transfers
B6: Net Friends of Scouting | D6: =IF('A. History Input & Output'!E8=0,IF('A. History Input & Output'!G8=0,0,1),'A. History Input & Output'!G8/'A. History Input & Output'!E8-1) -> -0.1882865 | F6: =IF('A. History Input & Output'!G8=0,IF('A. History Input & Output'!I8=0,0,1),'A. History Input & Output'!I8/'A. History Input & Output'!G8-1) -> 0.042081792 | H6: =IF('A. History Input & Output'!I8=0,IF('A. History Input & Output'!K8=0,0,1),'A. History Input & Output'!K8/'A. History Input & Output'!I8-1) -> -0.16098605 | J6: =IF('A. History Input & Output'!K8=0,IF('A. History Input & Output'!M8=0,0,1),'A. History Input & Output'!M8/'A. History Input & Output'!K8-1) -> 0.23658572 | L6: =IF('A. History Input & Output'!M8=0,IF('A. History Input & Output'!O8=0,0,1),'A. History Input & Output'!O8/'A. History Input & Output'!M8-1) -> -0.62571068 | N6: =(IF(F6=0,0,IF('A. History Input & Output'!E8=0,"0",POWER('A. History Input & Output'!M8/'A. History Input & Output'!E8,1/4))))-1 -> -0.032113357 | P6: =(IF(F6=0,0,IF('A. History Input & Output'!E8=0,"0",POWER('A. History Input & Output'!O8/'A. History Input & Output'!E8,1/5))))-1 -> -0.19961105
B7: Project Sales | D7: =IF('A. History Input & Output'!E9=0,IF('A. History Input & Output'!G9=0,0,1),'A. History Input & Output'!G9/'A. History Input & Output'!E9-1) -> 1 | F7: =IF('A. History Input & Output'!G9=0,IF('A. History Input & Output'!I9=0,0,1),'A. History Input & Output'!I9/'A. History Input & Output'!G9-1) -> -0.87478087 | H7: =IF('A. History Input & Output'!I9=0,IF('A. History Input & Output'!K9=0,0,1),'A. History Input & Output'!K9/'A. History Input & Output'!I9-1) -> -1 | J7: =IF('A. History Input & Output'!K9=0,IF('A. History Input & Output'!M9=0,0,1),'A. History Input & Output'!M9/'A. History Input & Output'!K9-1) -> 0 | L7: =IF('A. History Input & Output'!M9=0,IF('A. History Input & Output'!O9=0,0,1),'A. History Input & Output'!O9/'A. History Input & Output'!M9-1) -> 0 | N7: =(IF(F7=0,0,IF('A. History Input & Output'!E9=0,"0",POWER('A. History Input & Output'!M9/'A. History Input & Output'!E9,1/4))))-1 -> -1 | P7: =(IF(F7=0,0,IF('A. History Input & Output'!E9=0,"0",POWER('A. History Input & Output'!O9/'A. History Input & Output'!E9,1/5))))-1 -> -1
B8: Net Special Fundraising Events | D8: =IF('A. History Input & Output'!E10=0,IF('A. History Input & Output'!G10=0,0,1),'A. History Input & Output'!G10/'A. History Input & Output'!E10-1) -> 0.19555965 | F8: =IF('A. History Input & Output'!G10=0,IF('A. History Input & Output'!I10=0,0,1),'A. History Input & Output'!I10/'A. History Input & Output'!G10-1) -> -0.13718368 | H8: =IF('A. History Input & Output'!I10=0,IF('A. History Input & Output'!K10=0,0,1),'A. History Input & Output'!K10/'A. History Input & Output'!I10-1) -> -0.27037275 | J8: =IF('A. History Input & Output'!K10=0,IF('A. History Input & Output'!M10=0,0,1),'A. History Input & Output'!M10/'A. History Input & Output'!K10-1) -> -0.2706176 | L8: =IF('A. History Input & Output'!M10=0,IF('A. History Input & Output'!O10=0,0,1),'A. History Input & Output'!O10/'A. History Input & Output'!M10-1) -> -0.19847728 | N8: =(IF(F8=0,0,IF('A. History Input & Output'!E10=0,"0",POWER('A. History Input & Output'!M10/'A. History Input & Output'!E10,1/4))))-1 -> -0.13923127 | P8: =(IF(F8=0,0,IF('A. History Input & Output'!E10=0,"0",POWER('A. History Input & Output'!O10/'A. History Input & Output'!E10,1/5))))-1 -> -0.15142086
B9: Legacies & Bequests | D9: =IF('A. History Input & Output'!E11=0,IF('A. History Input & Output'!G11=0,0,1),'A. History Input & Output'!G11/'A. History Input & Output'!E11-1) -> -0.96187695 | F9: =IF('A. History Input & Output'!G11=0,IF('A. History Input & Output'!I11=0,0,1),'A. History Input & Output'!I11/'A. History Input & Output'!G11-1) -> 19.230849 | H9: =IF('A. History Input & Output'!I11=0,IF('A. History Input & Output'!K11=0,0,1),'A. History Input & Output'!K11/'A. History Input & Output'!I11-1) -> 1.833372 | J9: =IF('A. History Input & Output'!K11=0,IF('A. History Input & Output'!M11=0,0,1),'A. History Input & Output'!M11/'A. History Input & Output'!K11-1) -> -1 | L9: =IF('A. History Input & Output'!M11=0,IF('A. History Input & Output'!O11=0,0,1),'A. History Input & Output'!O11/'A. History Input & Output'!M11-1) -> 0 | N9: =(IF(F9=0,0,IF('A. History Input & Output'!E11=0,"0",POWER('A. History Input & Output'!M11/'A. History Input & Output'!E11,1/4))))-1 -> -1 | P9: =(IF(F9=0,0,IF('A. History Input & Output'!E11=0,"0",POWER('A. History Input & Output'!O11/'A. History Input & Output'!E11,1/5))))-1 -> -1
B10: Foundations & Trusts | D10: =IF('A. History Input & Output'!E12=0,IF('A. History Input & Output'!G12=0,0,1),'A. History Input & Output'!G12/'A. History Input & Output'!E12-1) -> 0.51385979 | F10: =IF('A. History Input & Output'!G12=0,IF('A. History Input & Output'!I12=0,0,1),'A. History Input & Output'!I12/'A. History Input & Output'!G12-1) -> -0.082195533 | H10: =IF('A. History Input & Output'!I12=0,IF('A. History Input & Output'!K12=0,0,1),'A. History Input & Output'!K12/'A. History Input & Output'!I12-1) -> 0.16131515 | J10: =IF('A. History Input & Output'!K12=0,IF('A. History Input & Output'!M12=0,0,1),'A. History Input & Output'!M12/'A. History Input & Output'!K12-1) -> -0.10465053 | L10: =IF('A. History Input & Output'!M12=0,IF('A. History Input & Output'!O12=0,0,1),'A. History Input & Output'!O12/'A. History Input & Output'!M12-1) -> 0.3823736 | N10: =(IF(F10=0,0,IF('A. History Input & Output'!E12=0,"0",POWER('A. History Input & Output'!M12/'A. History Input & Output'!E12,1/4))))-1 -> 0.096338393 | P10: =(IF(F10=0,0,IF('A. History Input & Output'!E12=0,"0",POWER('A. History Input & Output'!O12/'A. History Input & Output'!E12,1/5))))-1 -> 0.14836721
B11: Other Direct Support | D11: =IF('A. History Input & Output'!E13=0,IF('A. History Input & Output'!G13=0,0,1),'A. History Input & Output'!G13/'A. History Input & Output'!E13-1) -> 0.0688 | F11: =IF('A. History Input & Output'!G13=0,IF('A. History Input & Output'!I13=0,0,1),'A. History Input & Output'!I13/'A. History Input & Output'!G13-1) -> 19.698353 | H11: =IF('A. History Input & Output'!I13=0,IF('A. History Input & Output'!K13=0,0,1),'A. History Input & Output'!K13/'A. History Input & Output'!I13-1) -> -0.73015586 | J11: =IF('A. History Input & Output'!K13=0,IF('A. History Input & Output'!M13=0,0,1),'A. History Input & Output'!M13/'A. History Input & Output'!K13-1) -> -0.90619137 | L11: =IF('A. History Input & Output'!M13=0,IF('A. History Input & Output'!O13=0,0,1),'A. History Input & Output'!O13/'A. History Input & Output'!M13-1) -> 107.57143 | N11: =(IF(F11=0,0,IF('A. History Input & Output'!E13=0,"0",POWER('A. History Input & Output'!M13/'A. History Input & Output'!E13,1/4))))-1 -> -0.13493845 | P11: =(IF(F11=0,0,IF('A. History Input & Output'!E13=0,"0",POWER('A. History Input & Output'!O13/'A. History Input & Output'!E13,1/5))))-1 -> 1.273949
B12: Total Direct Support | D12: =IF('A. History Input & Output'!E14=0,IF('A. History Input & Output'!G14=0,0,1),'A. History Input & Output'!G14/'A. History Input & Output'!E14-1) -> -0.061912785 | F12: =IF('A. History Input & Output'!G14=0,IF('A. History Input & Output'!I14=0,0,1),'A. History Input & Output'!I14/'A. History Input & Output'!G14-1) -> 0.08037142 | H12: =IF('A. History Input & Output'!I14=0,IF('A. History Input & Output'!K14=0,0,1),'A. History Input & Output'!K14/'A. History Input & Output'!I14-1) -> 0.00084731826 | J12: =IF('A. History Input & Output'!K14=0,IF('A. History Input & Output'!M14=0,0,1),'A. History Input & Output'!M14/'A. History Input & Output'!K14-1) -> -0.18283365 | L12: =IF('A. History Input & Output'!M14=0,IF('A. History Input & Output'!O14=0,0,1),'A. History Input & Output'!O14/'A. History Input & Output'!M14-1) -> -0.11501137 | N12: =(IF(F12=0,0,IF('A. History Input & Output'!E14=0,"0",POWER('A. History Input & Output'!M14/'A. History Input & Output'!E14,1/4))))-1 -> -0.045834626 | P12: =(IF(F12=0,0,IF('A. History Input & Output'!E14=0,"0",POWER('A. History Input & Output'!O14/'A. History Input & Output'!E14,1/5))))-1 -> -0.060089588
B13: United Ways | D13: =IF('A. History Input & Output'!E15=0,IF('A. History Input & Output'!G15=0,0,1),'A. History Input & Output'!G15/'A. History Input & Output'!E15-1) -> -0.36158917 | F13: =IF('A. History Input & Output'!G15=0,IF('A. History Input & Output'!I15=0,0,1),'A. History Input & Output'!I15/'A. History Input & Output'!G15-1) -> -0.14768268 | H13: =IF('A. History Input & Output'!I15=0,IF('A. History Input & Output'!K15=0,0,1),'A. History Input & Output'!K15/'A. History Input & Output'!I15-1) -> 0.20435235 | J13: =IF('A. History Input & Output'!K15=0,IF('A. History Input & Output'!M15=0,0,1),'A. History Input & Output'!M15/'A. History Input & Output'!K15-1) -> -0.36534523 | L13: =IF('A. History Input & Output'!M15=0,IF('A. History Input & Output'!O15=0,0,1),'A. History Input & Output'!O15/'A. History Input & Output'!M15-1) -> -0.1394148 | N13: =(IF(F13=0,0,IF('A. History Input & Output'!E15=0,"0",POWER('A. History Input & Output'!M15/'A. History Input & Output'!E15,1/4))))-1 -> -0.19693968 | P13: =(IF(F13=0,0,IF('A. History Input & Output'!E15=0,"0",POWER('A. History Input & Output'!O15/'A. History Input & Output'!E15,1/5))))-1 -> -0.18575086
B14: Other Indirect & Government | D14: =IF('A. History Input & Output'!E16=0,IF('A. History Input & Output'!G16=0,0,1),'A. History Input & Output'!G16/'A. History Input & Output'!E16-1) -> -0.11853083 | F14: =IF('A. History Input & Output'!G16=0,IF('A. History Input & Output'!I16=0,0,1),'A. History Input & Output'!I16/'A. History Input & Output'!G16-1) -> -0.049954836 | H14: =IF('A. History Input & Output'!I16=0,IF('A. History Input & Output'!K16=0,0,1),'A. History Input & Output'!K16/'A. History Input & Output'!I16-1) -> -0.064114753 | J14: =IF('A. History Input & Output'!K16=0,IF('A. History Input & Output'!M16=0,0,1),'A. History Input & Output'!M16/'A. History Input & Output'!K16-1) -> -0.1335689 | L14: =IF('A. History Input & Output'!M16=0,IF('A. History Input & Output'!O16=0,0,1),'A. History Input & Output'!O16/'A. History Input & Output'!M16-1) -> 0.039967374 | N14: =(IF(F14=0,0,IF('A. History Input & Output'!E16=0,"0",POWER('A. History Input & Output'!M16/'A. History Input & Output'!E16,1/4))))-1 -> -0.09222754 | P14: =(IF(F14=0,0,IF('A. History Input & Output'!E16=0,"0",POWER('A. History Input & Output'!O16/'A. History Input & Output'!E16,1/5))))-1 -> -0.067206427
B15: Total Indirect Support | D15: =IF('A. History Input & Output'!E17=0,IF('A. History Input & Output'!G17=0,0,1),'A. History Input & Output'!G17/'A. History Input & Output'!E17-1) -> -0.24909475 | F15: =IF('A. History Input & Output'!G17=0,IF('A. History Input & Output'!I17=0,0,1),'A. History Input & Output'!I17/'A. History Input & Output'!G17-1) -> -0.094586809 | H15: =IF('A. History Input & Output'!I17=0,IF('A. History Input & Output'!K17=0,0,1),'A. History Input & Output'!K17/'A. History Input & Output'!I17-1) -> 0.0513032 | J15: =IF('A. History Input & Output'!K17=0,IF('A. History Input & Output'!M17=0,0,1),'A. History Input & Output'!M17/'A. History Input & Output'!K17-1) -> -0.24771917 | L15: =IF('A. History Input & Output'!M17=0,IF('A. History Input & Output'!O17=0,0,1),'A. History Input & Output'!O17/'A. History Input & Output'!M17-1) -> -0.034564958 | N15: =(IF(F15=0,0,IF('A. History Input & Output'!E17=0,"0",POWER('A. History Input & Output'!M17/'A. History Input & Output'!E17,1/4))))-1 -> -0.14368218 | P15: =(IF(F15=0,0,IF('A. History Input & Output'!E17=0,"0",POWER('A. History Input & Output'!O17/'A. History Input & Output'!E17,1/5))))-1 -> -0.12289296
B16: Net Sale of Supplies | D16: =IF('A. History Input & Output'!E18=0,IF('A. History Input & Output'!G18=0,0,1),'A. History Input & Output'!G18/'A. History Input & Output'!E18-1) -> -0.28552071 | F16: =IF('A. History Input & Output'!G18=0,IF('A. History Input & Output'!I18=0,0,1),'A. History Input & Output'!I18/'A. History Input & Output'!G18-1) -> -0.073015443 | H16: =IF('A. History Input & Output'!I18=0,IF('A. History Input & Output'!K18=0,0,1),'A. History Input & Output'!K18/'A. History Input & Output'!I18-1) -> 0.54581324 | J16: =IF('A. History Input & Output'!K18=0,IF('A. History Input & Output'!M18=0,0,1),'A. History Input & Output'!M18/'A. History Input & Output'!K18-1) -> -0.84382681 | L16: =IF('A. History Input & Output'!M18=0,IF('A. History Input & Output'!O18=0,0,1),'A. History Input & Output'!O18/'A. History Input & Output'!M18-1) -> 1.6150121 | N16: =(IF(F16=0,0,IF('A. History Input & Output'!E18=0,"0",POWER('A. History Input & Output'!M18/'A. History Input & Output'!E18,1/4))))-1 -> -0.36765162 | P16: =(IF(F16=0,0,IF('A. History Input & Output'!E18=0,"0",POWER('A. History Input & Output'!O18/'A. History Input & Output'!E18,1/5))))-1 -> -0.16003755
B17: Net Sale of Products | D17: =IF('A. History Input & Output'!E19=0,IF('A. History Input & Output'!G19=0,0,1),'A. History Input & Output'!G19/'A. History Input & Output'!E19-1) -> 0.21811775 | F17: =IF('A. History Input & Output'!G19=0,IF('A. History Input & Output'!I19=0,0,1),'A. History Input & Output'!I19/'A. History Input & Output'!G19-1) -> 0.13390615 | H17: =IF('A. History Input & Output'!I19=0,IF('A. History Input & Output'!K19=0,0,1),'A. History Input & Output'!K19/'A. History Input & Output'!I19-1) -> 0.12678 | J17: =IF('A. History Input & Output'!K19=0,IF('A. History Input & Output'!M19=0,0,1),'A. History Input & Output'!M19/'A. History Input & Output'!K19-1) -> 0.058450221 | L17: =IF('A. History Input & Output'!M19=0,IF('A. History Input & Output'!O19=0,0,1),'A. History Input & Output'!O19/'A. History Input & Output'!M19-1) -> -0.14317522 | N17: =(IF(F17=0,0,IF('A. History Input & Output'!E19=0,"0",POWER('A. History Input & Output'!M19/'A. History Input & Output'!E19,1/4))))-1 -> 0.13290629 | P17: =(IF(F17=0,0,IF('A. History Input & Output'!E19=0,"0",POWER('A. History Input & Output'!O19/'A. History Input & Output'!E19,1/5))))-1 -> 0.071355475
... B27: Total Reclass of Net Assets | D27: =IF('A. History Input & Output'!E29=0,IF('A. History Input & Output'!G29=0,0,1),'A. History Input & Output'!G29/'A. History Input & Output'!E29-1) -> 0 | F27: =IF('A. History Input & Output'!G29=0,IF('A. History Input & Output'!I29=0,0,1),'A. History Input & Output'!I29/'A. History Input & Output'!G29-1) -> 0 | H27: =IF('A. History Input & Output'!I29=0,IF('A. History Input & Output'!K29=0,0,1),'A. History Input & Output'!K29/'A. History Input & Output'!I29-1) -> 0 | J27: =IF('A. History Input & Output'!K29=0,IF('A. History Input & Output'!M29=0,0,1),'A. History Input & Output'!M29/'A. History Input & Output'!K29-1) -> 0 | L27: =IF('A. History Input & Output'!M29=0,IF('A. History Input & Output'!O29=0,0,1),'A. History Input & Output'!O29/'A. History Input & Output'!M29-1) -> 0 | N27: =(IF(F27=0,0,IF('A. History Input & Output'!E29=0,"0",POWER('A. History Input & Output'!M29/'A. History Input & Output'!E29,1/4))))-1 -> -1 | P27: =(IF(F27=0,0,IF('A. History Input & Output'!E29=0,"0",POWER('A. History Input & Output'!O29/'A. History Input & Output'!E29,1/5))))-1 -> -1
A28: Total Adjusted Income & Transfers | D28: =IF('A. History Input & Output'!E30=0,IF('A. History Input & Output'!G30=0,0,1),'A. History Input & Output'!G30/'A. History Input & Output'!E30-1) -> 0.057654452 | F28: =IF('A. History Input & Output'!G30=0,IF('A. History Input & Output'!I30=0,0,1),'A. History Input & Output'!I30/'A. History Input & Output'!G30-1) -> 0.022882129 | H28: =IF('A. History Input & Output'!I30=0,IF('A. History Input & Output'!K30=0,0,1),'A. History Input & Output'!K30/'A. History Input & Output'!I30-1) -> -0.011788696 | J28: =IF('A. History Input & Output'!K30=0,IF('A. History Input & Output'!M30=0,0,1),'A. History Input & Output'!M30/'A. History Input & Output'!K30-1) -> -0.073456995 | L28: =IF('A. History Input & Output'!M30=0,IF('A. History Input & Output'!O30=0,0,1),'A. History Input & Output'!O30/'A. History Input & Output'!M30-1) -> -0.16507512 | N28: =(IF(F28=0,0,IF('A. History Input & Output'!E30=0,"0",POWER('A. History Input & Output'!M30/'A. History Input & Output'!E30,1/4))))-1 -> -0.0023661005 | P28: =(IF(F28=0,0,IF('A. History Input & Output'!E30=0,"0",POWER('A. History Input & Output'!O30/'A. History Input & Output'!E30,1/5))))-1 -> -0.037265714
A29: Operating Expense & Transfers
B30: Total Employee Compensation | D30: =IF('A. History Input & Output'!E34=0,IF('A. History Input & Output'!G34=0,0,1),'A. History Input & Output'!G34/'A. History Input & Output'!E34-1) -> 0.019133673 | F30: =IF('A. History Input & Output'!G34=0,IF('A. History Input & Output'!I34=0,0,1),'A. History Input & Output'!I34/'A. History Input & Output'!G34-1) -> 0.075757758 | H30: =IF('A. History Input & Output'!I34=0,IF('A. History Input & Output'!K34=0,0,1),'A. History Input & Output'!K34/'A. History Input & Output'!I34-1) -> -0.08566923 | J30: =IF('A. History Input & Output'!K34=0,IF('A. History Input & Output'!M34=0,0,1),'A. History Input & Output'!M34/'A. History Input & Output'!K34-1) -> -0.14006457 | L30: =IF('A. History Input & Output'!M34=0,IF('A. History Input & Output'!O34=0,0,1),'A. History Input & Output'!O34/'A. History Input & Output'!M34-1) -> 0.089351485 | N30: =(IF(F30=0,0,IF('A. History Input & Output'!E34=0,"0",POWER('A. History Input & Output'!M34/'A. History Input & Output'!E34,1/4))))-1 -> -0.03644013 | P30: =(IF(F30=0,0,IF('A. History Input & Output'!E34=0,"0",POWER('A. History Input & Output'!O34/'A. History Input & Output'!E34,1/5))))-1 -> -0.012501216
B31: Total Other Expenses | D31: =IF('A. History Input & Output'!E35=0,IF('A. History Input & Output'!G35=0,0,1),'A. History Input & Output'!G35/'A. History Input & Output'!E35-1) -> 0.14141037 | F31: =IF('A. History Input & Output'!G35=0,IF('A. History Input & Output'!I35=0,0,1),'A. History Input & Output'!I35/'A. History Input & Output'!G35-1) -> -0.022798478 | H31: =IF('A. History Input & Output'!I35=0,IF('A. History Input & Output'!K35=0,0,1),'A. History Input & Output'!K35/'A. History Input & Output'!I35-1) -> 0.140148 | J31: =IF('A. History Input & Output'!K35=0,IF('A. History Input & Output'!M35=0,0,1),'A. History Input & Output'!M35/'A. History Input & Output'!K35-1) -> -0.19722552 | L31: =IF('A. History Input & Output'!M35=0,IF('A. History Input & Output'!O35=0,0,1),'A. History Input & Output'!O35/'A. History Input & Output'!M35-1) -> -0.31725435 | N31: =(IF(F31=0,0,IF('A. History Input & Output'!E35=0,"0",POWER('A. History Input & Output'!M35/'A. History Input & Output'!E35,1/4))))-1 -> 0.0051831122 | P31: =(IF(F31=0,0,IF('A. History Input & Output'!E35=0,"0",POWER('A. History Input & Output'!O35/'A. History Input & Output'!E35,1/5))))-1 -> -0.06964663
B32: -Jamboree Expenses
B33: Net Other Expenses | D33: =IF('A. History Input & Output'!E37=0,IF('A. History Input & Output'!G37=0,0,1),'A. History Input & Output'!G37/'A. History Input & Output'!E37-1) -> 0.14141037 | F33: =IF('A. History Input & Output'!G37=0,IF('A. History Input & Output'!I37=0,0,1),'A. History Input & Output'!I37/'A. History Input & Output'!G37-1) -> -0.022798478 | H33: =IF('A. History Input & Output'!I37=0,IF('A. History Input & Output'!K37=0,0,1),'A. History Input & Output'!K37/'A. History Input & Output'!I37-1) -> 0.029471583 | J33: =IF('A. History Input & Output'!K37=0,IF('A. History Input & Output'!M37=0,0,1),'A. History Input & Output'!M37/'A. History Input & Output'!K37-1) -> -0.11092085 | L33: =IF('A. History Input & Output'!M37=0,IF('A. History Input & Output'!O37=0,0,1),'A. History Input & Output'!O37/'A. History Input & Output'!M37-1) -> -0.31725435 | N33: =(IF(F33=0,0,IF('A. History Input & Output'!E37=0,"0",POWER('A. History Input & Output'!M37/'A. History Input & Output'!E37,1/4))))-1 -> 0.0051831122 | P33: =(IF(F33=0,0,IF('A. History Input & Output'!E37=0,"0",POWER('A. History Input & Output'!O37/'A. History Input & Output'!E37,1/5))))-1 -> -0.06964663
A34: Total Adjusted Expense & Transfers | D34: =IF('A. History Input & Output'!E38=0,IF('A. History Input & Output'!G38=0,0,1),'A. History Input & Output'!G38/'A. History Input & Output'!E38-1) -> 0.073243457 | F34: =IF('A. History Input & Output'!G38=0,IF('A. History Input & Output'!I38=0,0,1),'A. History Input & Output'!I38/'A. History Input & Output'!G38-1) -> 0.029374656 | H34: =IF('A. History Input & Output'!I38=0,IF('A. History Input & Output'!K38=0,0,1),'A. History Input & Output'!K38/'A. History Input & Output'!I38-1) -> -0.034227492 | J34: =IF('A. History Input & Output'!K38=0,IF('A. History Input & Output'!M38=0,0,1),'A. History Input & Output'!M38/'A. History Input & Output'!K38-1) -> -0.12618516 | L34: =IF('A. History Input & Output'!M38=0,IF('A. History Input & Output'!O38=0,0,1),'A. History Input & Output'!O38/'A. History Input & Output'!M38-1) -> -0.10767313 | N34: =(IF(F34=0,0,IF('A. History Input & Output'!E38=0,"0",POWER('A. History Input & Output'!M38/'A. History Input & Output'!E38,1/4))))-1 -> -0.017366665 | P34: =(IF(D34=0,0,IF('A. History Input & Output'!C38=0,"0",POWER('A. History Input & Output'!M38/'A. History Input & Output'!C38,1/5))))-1 -> -0.020481612
A35: * Compound Annual Growth Rate (CAGR) is the year-over-year percentage growth rate over the indicated time period - the trend.
B36: A CAGR of less than 0 means that the growth trend is negative over that time period.

Sheet C. Endowment Investments
A2: C. Endowment Investments
A3: =Setup!B6&" Council Endowment History & Assumptions" -> Sample Council- #0325 Council Endowment History & Assumptions
C5: Actual | E5: Actual | G5: Actual | I5: Actual | K5: Actual
A6: Endowment History | C6: =Setup!$B4-5 -> 2017 | E6: =Setup!$B4-4 -> 2018 | G6: =Setup!$B4-3 -> 2019 | I6: =Setup!$B4-2 -> 2020 | K6: =Setup!$B4-1 -> 2021
A8: Total Net Endowment Assets, Beginning of Year | C8: 8155702.4 | E8: =C12 -> 10044083 | G8: =E12 -> 9717468.8 | I8: =G12 -> 10221117 | K8: =I12 -> 11671713
B9: Increase (Decrease) in Total Net Assets | C9: 1888380.4 | E9: =9717469-10044083 -> -326614 | G9: 503648 | I9: 1700596 | K9: =-1318517+1 -> -1318516
B10: Unrestricted Transfers Between Funds | G10: 0 | I10: =-250000 -> -250000 | K10: 0
B11: Total Adjsutments to Net Assets | C11: 0 | E11: 0 | G11: 0 | I11: 0 | K11: =-27000 -> -27000
A12: Total Net Endowment Assets, End of Year | C12: =SUM(C8:C11) -> 10044083 | E12: =SUM(E8:E11) -> 9717468.8 | G12: =SUM(G8:G11) -> 10221117 | I12: =SUM(I8:I11) -> 11671713 | K12: =SUM(K8:K11) -> 10326197
A16: Endowment Forecast
E17: Estimate | G17: Estimate | I17: Estimate | K17: Estimate | M17: Estimate
A18: Forecasted Support to Operating Fund (Spending Policy) | E18: =M6+1 -> 1 | G18: =$E18+1 -> 2 | I18: =$E18+2 -> 3 | K18: =$E18+3 -> 4 | M18: =$E18+4 -> 5
B20: Spending Policy Annual % Rate (from Setup) | E20: =Setup!$B10 -> 0.045 | G20: =Setup!$B10 -> 0.045 | I20: =Setup!$B10 -> 0.045 | K20: =Setup!$B10 -> 0.045 | M20: =Setup!$B10 -> 0.045
B21: Number of Prior Years Used For Averaging Investments (from Setup) | E21: =Setup!$B12 -> 3 | G21: =Setup!$B12 -> 3 | I21: =Setup!$B12 -> 3 | K21: =Setup!$B12 -> 3 | M21: =Setup!$B12 -> 3
A22: Total Investment Income Support to Operating Fund | E22: =IF(E21=1,C36,IF(E21=2,(C36+K12)/2,IF(E21=3,(C36+I12+K12)/3,IF(E21=4,(C36+G12+I12+K12)/4,C36+E12+G12+I12+K12)/5)))*E20 -> 491696.13 | G22: =IF(G21=1,E36,IF(G21=2,(C36+E36)/2,IF(G21=3,(C36+E36+K12)/3,IF(G21=4,(C36+E36+I12+K12)/4,C36+E36+G12+I12+K12)/5)))*G20 -> 478367.5 | I22: =IF(I21=1,G36,IF(I21=2,(G36+E36)/2,IF(I21=3,(C36+E36+G36)/3,IF(I21=4,(C36+E36+G36+K12)/4,C36+E36+G36+I12+K12)/5)))*I20 -> 486942.18 | K22: =IF(K21=1,I36,IF(K21=2,(G36+I36)/2,IF(K21=3,(I36+E36+G36)/3,IF(K21=4,(C36+E36+G36+I36)/4,C36+E36+G36+I36+K12)/5)))*K20 -> 490368.92 | M22: =IF(M21=1,K36,IF(M21=2,(K36+I36)/2,IF(M21=3,(I36+K36+G36)/3,IF(M21=4,(K36+E36+G36+I36)/4,C36+E36+G36+I36+K36)/5)))*M20 -> 495504.03
C25: Budget | E25: Estimate | G25: Estimate | I25: Estimate | K25: Estimate | M25: Estimate
A26: Forecasted Value of Endowment Investments | C26: =K6+1 -> 2022 | E26: =$C26+1 -> 2023 | G26: =$C26+2 -> 2024 | I26: =$C26+3 -> 2025 | K26: =$C26+4 -> 2026 | M26: =$C26+5 -> 2027
A28: Value of Endowment Investments (January 1) | C28: =K12 -> 10326197 | E28: =C36 -> 10781833 | G28: =E36 -> 10783137 | I28: =G36 -> 10897842 | K28: =I36 -> 11010281 | M28: =K36 -> 11125478
B29: Estimated Rate of Return on Endowment Investments (from Setup) | C29: =Setup!$B14 -> 0.055 | E29: =Setup!$B14 -> 0.055 | G29: =Setup!$B14 -> 0.055 | I29: =Setup!$B14 -> 0.055 | K29: =Setup!$B14 -> 0.055 | M29: =Setup!$B14 -> 0.055
B30: Annual Endowment Earnings | C30: =C28*C29 -> 567940.82 | E30: =E28*E29 -> 593000.79 | G30: =G28*G29 -> 593072.55 | I30: =I28*I29 -> 599381.33 | K30: =K28*K29 -> 605565.48 | M30: =M28*M29 -> 611901.29
B31: -Investment Income to Operating Fund | C31: ='A. History Input & Output'!O20 -> 114805 | E31: =E22 -> 491696.13 | G31: =G22 -> 478367.5 | I31: =I22 -> 486942.18 | K31: =K22 -> 490368.92 | M31: =M22 -> 495504.03
B32: -Transfers to Capital Fund (from Sheet D. Growth Plan) | C32: 0 | E32: ='D. Growth Plan'!D39 -> 100000 | G32: ='D. Growth Plan'!G39 -> 0 | I32: ='D. Growth Plan'!J39 -> 0 | K32: ='D. Growth Plan'!M39 -> 0 | M32: ='D. Growth Plan'!P39 -> 0
B34: Endowment Funds To Be Raised Current Year | C34: 2500 | E34: ='D. Growth Plan'!D38 -> 0 | G34: ='D. Growth Plan'!G38 -> 0 | I34: ='D. Growth Plan'!J38 -> 0 | K34: ='D. Growth Plan'!M38 -> 0 | M34: ='D. Growth Plan'!P38 -> 0
B35: (from Sheet D. Growth Plan)
A36: Value of Endowment Investments (December 31) | C36: =C28+C30-C31-C32+C34 -> 10781833 | E36: =E28+E30-E31-E32+E34 -> 10783137 | G36: =G28+G30-G31-G32+G34 -> 10897842 | I36: =I28+I30-I31-I32+I34 -> 11010281 | K36: =K28+K30-K31-K32+K34 -> 11125478 | M36: =M28+M30-M31-M32+M34 -> 11241875

Sheet Capital Fund -Camping
E1: Five Year Operating and Membership Plan
B2: Capital Fund and Camping
C4: =Setup!B6 -> Sample Council- #0325
C6: Fixed Assets | H6: Add Change Amounts to this column | L6: Fixed Assets
C8: ='[2]A. History Input & Output'!G4 -> 2018 | D8: ='[2]A. History Input & Output'!I4 -> 2019 | E8: ='[2]A. History Input & Output'!K4 -> 2020 | F8: ='[2]A. History Input & Output'!M4 -> 2021 | G8: ='[2]A. History Input & Output'!O4 -> 2022 | H8: =G8+1 -> 2023 | I8: =H8 -> 2023 | K8: ='[2]A. History Input & Output'!U4 -> 2024 | L8: =I8+1 -> 2024 | N8: =L8+1 -> 2025 | O8: =L8+1 -> 2025 | Q8: =R8 -> 2026 | R8: =N8+1 -> 2026 | T8: =U8 -> 2027 | U8: =R8+1 -> 2027 | W8: =X8 -> 2028 | X8: =U8+1 -> 2028
C9: Actual | D9: Actual | E9: Actual | F9: Actual | G9: Actual | H9: CHANGE | I9: Projection/ Budget | K9: Change | L9: Projection | N9: Change | O9: Projection | Q9: Change | R9: Projection | T9: Change | U9: Projection | W9: Change | X9: Projection
B10: NON=Camp Bldg./ Land | C10: 1067465 | D10: 1074401 | E10: 1074401 | F10: 1074401 | G10: 1074401 | H10: 50000 | I10: =H10+G10 -> 1124401 | K10: 50000 | L10: =K10+I10 -> 1174401 | N10: 50000 | O10: =N10+L10 -> 1224401 | Q10: 50000 | R10: =Q10+O10 -> 1274401 | T10: 50000 | U10: =T10+R10 -> 1324401 | W10: 50000 | X10: =W10+U10 -> 1374401
B13: Camp Bldg./Land | C13: 4166803 | D13: 5023705 | E13: 5023705 | F13: 5040705 | G13: 4540705 | H13: 3000000 | I13: =H13+G13 -> 7540705 | K13: 0 | L13: =K13+I13 -> 7540705 | N13: 0 | O13: =N13+L13 -> 7540705 | Q13: 0 | R13: =Q13+O13 -> 7540705 | T13: 0 | U13: =T13+R13 -> 7540705 | W13: 0 | X13: =W13+U13 -> 7540705
B15: CIP | C15: 451460 | D15: 372191 | E15: 995582 | F15: 2194882 | G15: 3020002 | H15: =-H13 -> -3000000 | I15: =H15+G15 -> 20002 | K15: 0 | L15: =K15+I15 -> 20002 | N15: 0 | O15: =N15+L15 -> 20002 | Q15: 0 | R15: =Q15+O15 -> 20002 | T15: 0 | U15: =T15+R15 -> 20002 | W15: 0 | X15: =W15+U15 -> 20002
B17: Total Buildings/Land | C17: =SUM(C10:C15) -> 5685728 | D17: =SUM(D10:D15) -> 6470297 | E17: =SUM(E10:E15) -> 7093688 | F17: =SUM(F10:F15) -> 8309988 | G17: =SUM(G10:G15) -> 8635108 | H17: =SUM(H10:H15) -> 50000 | I17: =SUM(I10:I15) -> 8685108 | K17: =K15+K13+K10 -> 50000 | L17: =L15+L13+L10 -> 8735108 | N17: =N15+N13+N10 -> 50000 | O17: =O15+O13+O10 -> 8785108 | Q17: =Q15+Q13+Q10 -> 50000 | R17: =R15+R13+R10 -> 8835108 | T17: =T15+T13+T10 -> 50000 | U17: =U15+U13+U10 -> 8885108 | W17: =W15+W13+W10 -> 50000 | X17: =X15+X13+X10 -> 8935108
B19: Change in Bldg/Land | D19: =(D10+D13)-(C10+C13) -> 863838 | E19: =(E10+E13)-(D10+D13) -> 0 | F19: =(F10+F13)-(E10+E13) -> 17000 | G19: =(G10+G13)-(F10+F13) -> -500000 | I19: =(I10+I13)-(G10+G13) -> 3050000
B20: Change in CIP | D20: =D15-C15 -> -79269 | E20: =E15-D15 -> 623391 | F20: =F15-E15 -> 1199300 | G20: =G15-F15 -> 825120 | I20: =I15-G15 -> -3000000
B22: Total Cash + Investments | D22: =938080 -> 938080 | E22: =215164+1400000 -> 1615164 | F22: =325915 -> 325915 | G22: =152703 -> 152703 | H22: 10000 | I22: =H22+G22 -> 162703 | K22: 1250 | L22: =K22+I22 -> 163953 | N22: 1250 | O22: =N22+L22 -> 165203 | Q22: 1250 | R22: =Q22+O22 -> 166453 | T22: 1250 | U22: =T22+R22 -> 167703 | W22: 1250 | X22: =W22+U22 -> 168953
C25: Camp | L25: Camp
C27: =C8 -> 2018 | D27: =D8 -> 2019 | E27: =E8 -> 2020 | F27: =F8 -> 2021 | G27: =G8 -> 2022 | H27: =G27+1 -> 2023 | K27: =K8 -> 2024 | L27: =K27 -> 2024 | N27: =K27+1 -> 2025 | O27: =N27 -> 2025 | Q27: =N27+1 -> 2026 | R27: =Q27 -> 2026 | T27: =Q27+1 -> 2027 | U27: =T27 -> 2027 | W27: =T27+1 -> 2028 | X27: =W27 -> 2028
C28: Actual | D28: Actual | E28: Actual | F28: Actual | G28: Actual | H28: Budget | K28: Change | L28: Projection | N28: Change | O28: Projection | Q28: Change | R28: Projection | T28: Change | U28: Projection | W28: Change | X28: Projection
B29: Camp Revenue | C29: 1135382 | D29: 1041190 | E29: 1075232 | F29: 21650 | G29: 560795 | H29: =400*2000 -> 800000 | K29: =H36*K34 -> 800000 | L29: =L34*H36 -> 1600000 | N29: =N34*L36 -> 40000 | O29: =N29+L29 -> 1640000 | Q29: =Q34*O36 -> 40000 | R29: =Q29+O29 -> 1680000 | T29: =T34*R36 -> 40000 | U29: =T29+R29 -> 1720000 | W29: =W34*U36 -> 40000 | X29: =W29+U29 -> 1760000
B30: Camp Expenses | C30: =-741850 -> -741850 | D30: =-635672 -> -635672 | E30: =-682972 -> -682972 | F30: =-41884 -> -41884 | G30: =-446070 -> -446070 | H30: =-550000 -> -550000 | K30: =H38*K34 -> -550000 | L30: =K30+H30 -> -1100000 | N30: =N34*L38 -> -27500 | O30: =N30+L30 -> -1127500 | Q30: =Q34*O38 -> -27500 | R30: =Q30+O30 -> -1155000 | T30: =T34*R38 -> 0 | U30: =T30+R30 -> -1155000 | W30: =W34*U38 -> 0 | X30: =W30+U30 -> -1155000
B32: Net Camp Surplus/ Loss | C32: =C30+C29 -> 393532 | D32: =D30+D29 -> 405518 | E32: =E30+E29 -> 392260 | F32: =F30+F29 -> -20234 | G32: =G30+G29 -> 114725 | H32: =H30+H29 -> 250000 | K32: =K30+K29 -> 250000 | L32: =L30+L29 -> 500000 | N32: =N30+N29 -> 12500 | O32: =N32+L32 -> 512500 | Q32: =Q30+Q29 -> 12500 | R32: =Q32+O32 -> 525000 | T32: =T30+T29 -> 40000 | U32: =T32+R32 -> 565000 | W32: =W30+W29 -> 40000 | X32: =W32+U32 -> 605000
B34: Number Summer Campers | C34: 3674 | D34: 3414 | E34: 3361 | F34: 0 | G34: 1438 | H34: 2000 | K34: 2000 | L34: =K34+H34 -> 4000 | N34: 100 | O34: =N34+L34 -> 4100 | Q34: 100 | R34: =Q34+O34 -> 4200 | T34: 100 | U34: =T34+R34 -> 4300 | W34: 100 | X34: =W34+U34 -> 4400
B36: Revenue / Camper | C36: =C29/C34 -> 309.03157 | D36: =D29/D34 -> 304.97657 | E36: =E29/E34 -> 319.91431 | F36: =F29/F34 -> #DIV/0! | G36: =G29/G34 -> 389.98261 | H36: =H29/H34 -> 400 | K36: =K29/K34 -> 400 | L36: =L29/L34 -> 400 | N36: =N29/N34 -> 400 | O36: =O29/O34 -> 400 | Q36: =Q29/Q34 -> 400 | R36: =R29/R34 -> 400 | T36: =T29/T34 -> 400 | U36: =U29/U34 -> 400 | W36: =W29/W34 -> 400 | X36: =X29/X34 -> 400
B38: Expense / Camper | C38: =C30/C34 -> -201.91889 | D38: =D30/D34 -> -186.19566 | E38: =E30/E34 -> -203.205 | F38: =F30/F34 -> #DIV/0! | G38: =G30/G34 -> -310.20167 | H38: =H30/H34 -> -275 | K38: =K30/K34 -> -275 | L38: =L30/L34 -> -275 | N38: =N30/N34 -> -275 | O38: =O30/O34 -> -275 | Q38: =Q30/Q34 -> -275 | T38: =T30/T34 -> 0 | W38: =W30/W34 -> 0
B40: Net Revenue / Camper | C40: =C36+C38 -> 107.11268 | D40: =D36+D38 -> 118.7809 | E40: =E36+E38 -> 116.70931 | F40: =F36+F38 -> #DIV/0! | G40: =G36+G38 -> 79.780946 | H40: =H36+H38 -> 125 | K40: =K32/K34 -> 125 | L40: =L32/L34 -> 125 | N40: =N32/N34 -> 125 | O40: =O32/O34 -> 125 | Q40: =Q32/Q34 -> 125 | R40: =R32/R34 -> 125 | T40: =T32/T34 -> 400 | U40: =U32/U34 -> 131.39535 | W40: =W32/W34 -> 400 | X40: =X32/X34 -> 137.5

Sheet D. Growth Plan
A2: D. Financial Growth Plan | G2: =Setup!B2 -> Five Year Operating and Membership Plan
A3: =Setup!B6&" Council Plan Growth Assumptions" -> Sample Council- #0325 Council Plan Growth Assumptions
C5: =Setup!$B4+1 -> 2023 | F5: =Setup!$B4+2 -> 2024 | I5: =Setup!$B4+3 -> 2025 | L5: =Setup!$B4+4 -> 2026 | O5: =Setup!$B4+5 -> 2027
A6: Operating Income & Transfers | C6: Rate % | D6: Incremental $$ | F6: Rate % | G6: Incremental $$ | I6: Rate % | J6: Incremental $$ | L6: Rate % | M6: Incremental $$ | O6: Rate % | P6: Incremental $$
B8: Net Friends of Scouting | C8: 0.03 | D8: 0 | F8: 0.03 | G8: 0 | I8: 0.03 | J8: 0 | L8: 0.03 | M8: 0 | O8: 0.03 | P8: 0
B9: Project Sales | C9: 0 | F9: 0 | I9: 0 | L9: 0 | O9: 0
B10: Net Special Fundraising Events | C10: 0.03 | D10: 0 | F10: 0.03 | I10: 0.03 | J10: 0 | L10: 0.03 | M10: 0 | O10: 0.03
B11: Legacies & Bequests | C11: 0 | F11: 0 | I11: 0 | L11: 0 | O11: 0
B12: Foundations & Trusts | C12: 0 | D12: 0 | F12: 0 | G12: 0 | I12: 0 | J12: 0 | L12: 0 | M12: 0 | O12: 0
B13: Other Direct Support | C13: 0 | F13: 0 | I13: 0 | L13: 0 | O13: 0
B14: Total Direct Support
B15: United Ways | C15: 0 | F15: 0 | I15: 0 | L15: 0 | O15: 0
B16: Other Indirect & Government | C16: 0 | F16: 0 | I16: 0 | L16: 0 | O16: 0
B17: Total Indirect Support
B18: Net Sale of Supplies | C18: 0 | F18: 0 | I18: 0 | L18: 0 | O18: 0
B19: Net Sale of Products | C19: 0 | F19: 0 | G19: 0 | I19: 0 | J19: 0 | L19: 0 | M19: 0 | O19: 0 | P19: 0
B20: Investment Income (from Sheet C.) | D20: ='C. Endowment Investments'!E31 -> 491696.13 | G20: ='C. Endowment Investments'!G31 -> 478367.5 | J20: ='C. Endowment Investments'!I31 -> 486942.18 | M20: ='C. Endowment Investments'!K31 -> 490368.92 | P20: ='C. Endowment Investments'!M22 -> 495504.03
B21: Gain or Loss on Transactions
B22: Camping | C22: 0.015 | F22: 0.015 | I22: 0.015 | L22: 0.015 | O22: 0.015
B23: Activities | C23: 0.015 | F23: 0.015 | I23: 0.015 | L23: 0.015 | O23: 0.01 | P23: 0
B24: -Jamboree Revenue (enter as a Positive number)
B25: Activities Net
B26: Other Revenue Less Program Fee | C26: 0.015 | D26: 0 | F26: 0.015 | I26: 0.015 | L26: 0.015 | O26: 0.01 | P26: 0
B27: Program Fee | C27: 0.015 | D27: 0 | F27: 0.015 | I27: 0.015 | L27: 0.015 | O27: 0.015
B28: Total Adjusted Revenue
B29: Total Reclass of Net Assets | C29: 0 | F29: 0 | I29: 0 | L29: 0 | O29: 0
A31: Operating Expense & Transfers
B34: Total Employee Compensation | C34: 0.03 | F34: 0.03 | I34: 0.03 | L34: 0.03 | O34: 0.03
B35: Total Other Expenses | C35: 0.025 | F35: 0.025 | I35: 0.025 | L35: 0.025 | O35: 0.025
A37: Endowment Funds Raised/Transferred
B38: Endowment Funds Raised in Year | D38: 0 | G38: 0 | J38: 0 | M38: 0 | P38: 0
B39: Transfers to Capital | D39: 100000 | G39: 0 | J39: 0 | M39: 0 | P39: 0

Sheet E. Output
A2: E. Output | F2: =Setup!B2 -> Five Year Operating and Membership Plan
A3: =Setup!B6&" Council Five Year Operating Plan" -> Sample Council- #0325 Council Five Year Operating Plan
A5: Operating Income & Transfers | C5: =Setup!$B4+1 -> 2023 | D5: % | E5: =Setup!$B4+2 -> 2024 | F5: % | G5: =Setup!$B4+3 -> 2025 | H5: % | I5: =Setup!$B4+4 -> 2026 | J5: % | K5: =Setup!$B4+5 -> 2027 | L5: %
B8: Net Friends of Scouting | C8: ='A. History Input & Output'!O8*(1+'D. Growth Plan'!C8)+'D. Growth Plan'!D8 -> 103000 | D8: =C8/C$30 -> 0.074803289 | E8: ='E. Output'!C8*(1+'D. Growth Plan'!F8)+'D. Growth Plan'!G8 -> 106090 | F8: =E8/E$30 -> 0.077354348 | G8: ='E. Output'!E8*(1+'D. Growth Plan'!I8)+'D. Growth Plan'!J8 -> 109272.7 | H8: =G8/G$30 -> 0.078720739 | I8: ='E. Output'!G8*(1+'D. Growth Plan'!L8)+'D. Growth Plan'!M8 -> 112550.88 | J8: =I8/I$30 -> 0.080406527 | K8: ='E. Output'!I8*(1+'D. Growth Plan'!O8)+'D. Growth Plan'!P8 -> 115927.41 | L8: =K8/K$30 -> 0.082035784
B9: Project Sales | C9: ='A. History Input & Output'!O9*(1+'D. Growth Plan'!C9)+'D. Growth Plan'!D9 -> 0 | D9: =C9/C$30 -> 0 | E9: ='E. Output'!C9*(1+'D. Growth Plan'!F9)+'D. Growth Plan'!G9 -> 0 | F9: =E9/E$30 -> 0 | G9: ='E. Output'!E9*(1+'D. Growth Plan'!I9)+'D. Growth Plan'!J9 -> 0 | H9: =G9/G$30 -> 0 | I9: ='E. Output'!G9*(1+'D. Growth Plan'!L9)+'D. Growth Plan'!M9 -> 0 | J9: =I9/I$30 -> 0 | K9: ='E. Output'!I9*(1+'D. Growth Plan'!O9)+'D. Growth Plan'!P9 -> 0 | L9: =K9/K$30 -> 0
B10: Net Special Fundraising Events | C10: ='A. History Input & Output'!O10*(1+'D. Growth Plan'!C10)+'D. Growth Plan'!D10 -> 47277 | D10: =C10/C$30 -> 0.03433471 | E10: ='E. Output'!C10*(1+'D. Growth Plan'!F10)+'D. Growth Plan'!G10 -> 48695.31 | F10: =E10/E$30 -> 0.035505646 | G10: ='E. Output'!E10*(1+'D. Growth Plan'!I10)+'D. Growth Plan'!J10 -> 50156.169 | H10: =G10/G$30 -> 0.036132819 | I10: ='E. Output'!G10*(1+'D. Growth Plan'!L10)+'D. Growth Plan'!M10 -> 51660.854 | J10: =I10/I$30 -> 0.036906596 | K10: ='E. Output'!I10*(1+'D. Growth Plan'!O10)+'D. Growth Plan'!P10 -> 53210.68 | L10: =K10/K$30 -> 0.037654425
B11: Legacies & Bequests | C11: ='A. History Input & Output'!O11*(1+'D. Growth Plan'!C11)+'D. Growth Plan'!D11 -> 0 | D11: =C11/C$30 -> 0 | E11: ='E. Output'!C11*(1+'D. Growth Plan'!F11)+'D. Growth Plan'!G11 -> 0 | F11: =E11/E$30 -> 0 | G11: ='E. Output'!E11*(1+'D. Growth Plan'!I11)+'D. Growth Plan'!J11 -> 0 | H11: =G11/G$30 -> 0 | I11: ='E. Output'!G11*(1+'D. Growth Plan'!L11)+'D. Growth Plan'!M11 -> 0 | J11: =I11/I$30 -> 0 | K11: ='E. Output'!I11*(1+'D. Growth Plan'!O11)+'D. Growth Plan'!P11 -> 0 | L11: =K11/K$30 -> 0
B12: Foundations & Trusts | C12: ='A. History Input & Output'!O12*(1+'D. Growth Plan'!C12)+'D. Growth Plan'!D12 -> 183000 | D12: =C12/C$30 -> 0.13290293 | E12: ='E. Output'!C12*(1+'D. Growth Plan'!F12)+'D. Growth Plan'!G12 -> 183000 | F12: =E12/E$30 -> 0.13343242 | G12: ='E. Output'!E12*(1+'D. Growth Plan'!I12)+'D. Growth Plan'!J12 -> 183000 | H12: =G12/G$30 -> 0.13183435 | I12: ='E. Output'!G12*(1+'D. Growth Plan'!L12)+'D. Growth Plan'!M12 -> 183000 | J12: =I12/I$30 -> 0.13073549 | K12: ='E. Output'!I12*(1+'D. Growth Plan'!O12)+'D. Growth Plan'!P12 -> 183000 | L12: =K12/K$30 -> 0.12949956
B13: Other Direct Support | C13: ='A. History Input & Output'!O13*(1+'D. Growth Plan'!C13)+'D. Growth Plan'!D13 -> 76000 | D13: =C13/C$30 -> 0.05519466 | E13: ='E. Output'!C13*(1+'D. Growth Plan'!F13)+'D. Growth Plan'!G13 -> 76000 | F13: =E13/E$30 -> 0.055414558 | G13: ='E. Output'!E13*(1+'D. Growth Plan'!I13)+'D. Growth Plan'!J13 -> 76000 | H13: =G13/G$30 -> 0.054750877 | I13: ='E. Output'!G13*(1+'D. Growth Plan'!L13)+'D. Growth Plan'!M13 -> 76000 | J13: =I13/I$30 -> 0.05429452 | K13: ='E. Output'!I13*(1+'D. Growth Plan'!O13)+'D. Growth Plan'!P13 -> 76000 | L13: =K13/K$30 -> 0.053781239
B14: Total Direct Support | C14: =SUM(C8:C13) -> 409277 | D14: =C14/C$30 -> 0.29723559 | E14: =SUM(E8:E13) -> 413785.31 | F14: =E14/E$30 -> 0.30170697 | G14: =SUM(G8:G13) -> 418428.87 | H14: =G14/G$30 -> 0.30143878 | I14: =SUM(I8:I13) -> 423211.74 | J14: =I14/I$30 -> 0.30234313 | K14: =SUM(K8:K13) -> 428138.09 | L14: =K14/K$30 -> 0.30297101
B15: United Ways | C15: ='A. History Input & Output'!O15*(1+'D. Growth Plan'!C15)+'D. Growth Plan'!D15 -> 12000 | D15: =C15/C$30 -> 0.0087149463 | E15: ='E. Output'!C15*(1+'D. Growth Plan'!F15)+'D. Growth Plan'!G15 -> 12000 | F15: =E15/E$30 -> 0.008749667 | G15: ='E. Output'!E15*(1+'D. Growth Plan'!I15)+'D. Growth Plan'!J15 -> 12000 | H15: =G15/G$30 -> 0.0086448753 | I15: ='E. Output'!G15*(1+'D. Growth Plan'!L15)+'D. Growth Plan'!M15 -> 12000 | J15: =I15/I$30 -> 0.008572819 | K15: ='E. Output'!I15*(1+'D. Growth Plan'!O15)+'D. Growth Plan'!P15 -> 12000 | L15: =K15/K$30 -> 0.0084917746
B16: Other Indirect & Government | C16: ='A. History Input & Output'!O16*(1+'D. Growth Plan'!C16)+'D. Growth Plan'!D16 -> 20400 | D16: =C16/C$30 -> 0.014815409 | E16: ='E. Output'!C16*(1+'D. Growth Plan'!F16)+'D. Growth Plan'!G16 -> 20400 | F16: =E16/E$30 -> 0.014874434 | G16: ='E. Output'!E16*(1+'D. Growth Plan'!I16)+'D. Growth Plan'!J16 -> 20400 | H16: =G16/G$30 -> 0.014696288 | I16: ='E. Output'!G16*(1+'D. Growth Plan'!L16)+'D. Growth Plan'!M16 -> 20400 | J16: =I16/I$30 -> 0.014573792 | K16: ='E. Output'!I16*(1+'D. Growth Plan'!O16)+'D. Growth Plan'!P16 -> 20400 | L16: =K16/K$30 -> 0.014436017
B17: Total Indirect Support | C17: =SUM(C15:C16) -> 32400 | D17: =C17/C$30 -> 0.023530355 | E17: =SUM(E15:E16) -> 32400 | F17: =E17/E$30 -> 0.023624101 | G17: =SUM(G15:G16) -> 32400 | H17: =G17/G$30 -> 0.023341163 | I17: =SUM(I15:I16) -> 32400 | J17: =I17/I$30 -> 0.023146611 | K17: =SUM(K15:K16) -> 32400 | L17: =K17/K$30 -> 0.022927791
B18: Net Sale of Supplies | C18: ='A. History Input & Output'!O18*(1+'D. Growth Plan'!C18)+'D. Growth Plan'!D18 -> 4320 | D18: =C18/C$30 -> 0.0031373807 | E18: ='E. Output'!C18*(1+'D. Growth Plan'!F18)+'D. Growth Plan'!G18 -> 4320 | F18: =E18/E$30 -> 0.0031498801 | G18: ='E. Output'!E18*(1+'D. Growth Plan'!I18)+'D. Growth Plan'!J18 -> 4320 | H18: =G18/G$30 -> 0.0031121551 | I18: ='E. Output'!G18*(1+'D. Growth Plan'!L18)+'D. Growth Plan'!M18 -> 4320 | J18: =I18/I$30 -> 0.0030862148 | K18: ='E. Output'!I18*(1+'D. Growth Plan'!O18)+'D. Growth Plan'!P18 -> 4320 | L18: =K18/K$30 -> 0.0030570388
B19: Net Sale of Products | C19: ='A. History Input & Output'!O19*(1+'D. Growth Plan'!C19)+'D. Growth Plan'!D19 -> 215500 | D19: =C19/C$30 -> 0.15650591 | E19: ='E. Output'!C19*(1+'D. Growth Plan'!F19)+'D. Growth Plan'!G19 -> 215500 | F19: =E19/E$30 -> 0.15712944 | G19: ='E. Output'!E19*(1+'D. Growth Plan'!I19)+'D. Growth Plan'!J19 -> 215500 | H19: =G19/G$30 -> 0.15524755 | I19: ='E. Output'!G19*(1+'D. Growth Plan'!L19)+'D. Growth Plan'!M19 -> 215500 | J19: =I19/I$30 -> 0.15395354 | K19: ='E. Output'!I19*(1+'D. Growth Plan'!O19)+'D. Growth Plan'!P19 -> 215500 | L19: =K19/K$30 -> 0.15249812
B20: Investment Income | C20: ='D. Growth Plan'!D20 -> 491696.13 | D20: =C20/C$30 -> 0.35709211 | E20: ='D. Growth Plan'!G20 -> 478367.5 | F20: =E20/E$30 -> 0.34879636 | G20: ='D. Growth Plan'!J20 -> 486942.18 | H20: =G20/G$30 -> 0.3507962 | I20: ='D. Growth Plan'!M20 -> 490368.92 | J20: =I20/I$30 -> 0.35032033 | K20: ='D. Growth Plan'!P20 -> 495504.03 | L20: =K20/K$30 -> 0.35064237
B21: Gaiin or Loss on Transactions | C21: ='D. Growth Plan'!D21 -> 0 | D21: =C21/C$30 -> 0 | E21: ='D. Growth Plan'!G21 -> 0 | F21: =E21/E$30 -> 0 | G21: ='D. Growth Plan'!J21 -> 0 | H21: =G21/G$30 -> 0 | I21: ='D. Growth Plan'!M21 -> 0 | J21: =I21/I$30 -> 0 | K21: ='D. Growth Plan'!P21 -> 0 | L21: =K21/K$30 -> 0
B22: Camping | C22: ='A. History Input & Output'!O22*(1+'D. Growth Plan'!C22)+'D. Growth Plan'!D22 -> 26933.025 | D22: =C22/C$30 -> 0.019559989 | E22: ='E. Output'!C22*(1+'D. Growth Plan'!F22)+'D. Growth Plan'!G22 -> 27337.02 | F22: =E22/E$30 -> 0.019932486 | G22: ='E. Output'!E22*(1+'D. Growth Plan'!I22)+'D. Growth Plan'!J22 -> 27747.076 | H22: =G22/G$30 -> 0.019989167 | I22: ='E. Output'!G22*(1+'D. Growth Plan'!L22)+'D. Growth Plan'!M22 -> 28163.282 | J22: =I22/I$30 -> 0.020119893 | K22: ='E. Output'!I22*(1+'D. Growth Plan'!O22)+'D. Growth Plan'!P22 -> 28585.731 | L22: =K22/K$30 -> 0.020228632
B23: Activities | C23: ='A. History Input & Output'!O25*(1+'D. Growth Plan'!C23)+'D. Growth Plan'!D23 -> 39899.65 | D23: =C23/C$30 -> 0.028976942 | E23: ='E. Output'!C25*(1+'D. Growth Plan'!F23)+'D. Growth Plan'!G23 -> 40498.145 | F23: =E23/E$30 -> 0.029528774 | G23: ='E. Output'!E25*(1+'D. Growth Plan'!I23)+'D. Growth Plan'!J23 -> 41105.617 | H23: =G23/G$30 -> 0.029612744 | I23: ='E. Output'!G25*(1+'D. Growth Plan'!L23)+'D. Growth Plan'!M23 -> 41722.201 | J23: =I23/I$30 -> 0.029806406 | K23: ='E. Output'!I25*(1+'D. Growth Plan'!O23)+'D. Growth Plan'!P23 -> 42139.423 | L23: =K23/K$30 -> 0.029819873
B24: - Less Jamboree Revenue | C24: ='D. Growth Plan'!D24 -> 0 | D24: =C24/C$30 -> 0 | E24: ='D. Growth Plan'!G24 -> 0 | F24: =E24/E$30 -> 0 | G24: ='D. Growth Plan'!J24 -> 0 | H24: =G24/G$30 -> 0 | I24: ='D. Growth Plan'!M24 -> 0 | J24: =I24/I$30 -> 0 | K24: ='D. Growth Plan'!P24 -> 0 | L24: =K24/K$30 -> 0
B25: Activities Net | C25: =C23-C24 -> 39899.65 | D25: =C25/C$30 -> 0.028976942 | E25: =E23-E24 -> 40498.145 | F25: =E25/E$30 -> 0.029528774 | G25: =G23-G24 -> 41105.617 | H25: =G25/G$30 -> 0.029612744 | I25: =I23-I24 -> 41722.201 | J25: =I25/I$30 -> 0.029806406 | K25: =K23-K24 -> 42139.423 | L25: =K25/K$30 -> 0.029819873
B26: Other Revenue Less Program Fee | C26: ='A. History Input & Output'!O26*(1+'D. Growth Plan'!C26)+'D. Growth Plan'!D26 -> 609 | D26: =C26/C$30 -> 0.00044228352 | E26: ='E. Output'!C26*(1+'D. Growth Plan'!F26)+'D. Growth Plan'!G26 -> 618.135 | F26: =E26/E$30 -> 0.00045070629 | G26: ='E. Output'!E26*(1+'D. Growth Plan'!I26)+'D. Growth Plan'!J26 -> 627.40702 | H26: =G26/G$30 -> 0.00045198796 | I26: ='E. Output'!G26*(1+'D. Growth Plan'!L26)+'D. Growth Plan'!M26 -> 636.81813 | J26: =I26/I$30 -> 0.00045494388 | K26: ='E. Output'!I26*(1+'D. Growth Plan'!O26)+'D. Growth Plan'!P26 -> 643.18631 | L26: =K26/K$30 -> 0.00045514943
B27: Program Fee | C27: ='A. History Input & Output'!O27*(1+'D. Growth Plan'!C27)+'D. Growth Plan'!D27 -> 156310 | D27: =C27/C$30 -> 0.11351944 | E27: ='E. Output'!C27*(1+'D. Growth Plan'!F27)+'D. Growth Plan'!G27 -> 158654.65 | F27: =E27/E$30 -> 0.11568128 | G27: ='E. Output'!E27*(1+'D. Growth Plan'!I27)+'D. Growth Plan'!J27 -> 161034.47 | H27: =G27/G$30 -> 0.11601024 | I27: ='E. Output'!G27*(1+'D. Growth Plan'!L27)+'D. Growth Plan'!M27 -> 163449.99 | J27: =I27/I$30 -> 0.11676893 | K27: ='E. Output'!I27*(1+'D. Growth Plan'!O27)+'D. Growth Plan'!P27 -> 165901.74 | L27: =K27/K$30 -> 0.11740001
B28: Total Adjusted Revenue | C28: =SUM(C18:C22)+C27+C25+C26 -> 935267.81 | D28: =C28/C$30 -> 0.67923406 | E28: =SUM(E18:E22)+E27+E25+E26 -> 925295.45 | F28: =E28/E$30 -> 0.67466893 | G28: =SUM(G18:G22)+G27+G25+G26 -> 937276.75 | H28: =G28/G$30 -> 0.67522005 | I28: =SUM(I18:I22)+I27+I25+I26 -> 944161.2 | J28: =I28/I$30 -> 0.67451026 | K28: =SUM(K18:K22)+K27+K25+K26 -> 952594.1 | L28: =K28/K$30 -> 0.6741012
B29: Total Reclass of Net Assets | C29: ='A. History Input & Output'!O29*(1+'D. Growth Plan'!C29)+'D. Growth Plan'!D29 -> 0 | D29: =C29/C$30 -> 0 | E29: ='E. Output'!C29*(1+'D. Growth Plan'!F29)+'D. Growth Plan'!G29 -> 0 | F29: =E29/E$30 -> 0 | G29: ='E. Output'!E29*(1+'D. Growth Plan'!I29)+'D. Growth Plan'!J29 -> 0 | H29: =G29/G$30 -> 0 | I29: ='E. Output'!G29*(1+'D. Growth Plan'!L29)+'D. Growth Plan'!M29 -> 0 | J29: =I29/I$30 -> 0 | K29: ='E. Output'!I29*(1+'D. Growth Plan'!O29)+'D. Growth Plan'!P29 -> 0 | L29: =K29/K$30 -> 0
A30: Total Adjusted Income & Transfers | C30: =C14+C17+C28+C29 -> 1376944.8 | D30: 1 | E30: =E14+E17+E28+E29 -> 1371480.8 | F30: 1 | G30: =G14+G17+G28+G29 -> 1388105.6 | H30: 1 | I30: =I14+I17+I28+I29 -> 1399772.9 | J30: 1 | K30: =K14+K17+K28+K29 -> 1413132.2 | L30: 1
A32: Operating Expense & Transfers
B34: Total Employee Compensation | C34: ='A. History Input & Output'!O34*(1+'D. Growth Plan'!C34)+'D. Growth Plan'!D34 -> 632735.18 | D34: =C34/C$38 -> 0.63038396 | E34: ='E. Output'!C34*(1+'D. Growth Plan'!F34)+'D. Growth Plan'!G34 -> 651717.24 | F34: =E34/E$38 -> 0.63151706 | G34: ='E. Output'!E34*(1+'D. Growth Plan'!I34)+'D. Growth Plan'!J34 -> 671268.75 | H34: =G34/G$38 -> 0.63264871 | I34: ='E. Output'!G34*(1+'D. Growth Plan'!L34)+'D. Growth Plan'!M34 -> 691406.82 | J34: =I34/I$38 -> 0.6337789 | K34: ='E. Output'!I34*(1+'D. Growth Plan'!O34)+'D. Growth Plan'!P34 -> 712149.02 | L34: =K34/K$38 -> 0.63490762
B35: Total Other Expenses | C35: ='A. History Input & Output'!O35*(1+'D. Growth Plan'!C35)+'D. Growth Plan'!D35-'A. History Input & Output'!O36 -> 370994.65 | D35: =C35/C$38 -> 0.36961604 | E35: ='E. Output'!C35*(1+'D. Growth Plan'!F35)+'D. Growth Plan'!G35 -> 380269.52 | F35: =E35/E$38 -> 0.36848294 | G35: ='E. Output'!E35*(1+'D. Growth Plan'!I35)+'D. Growth Plan'!J35 -> 389776.25 | H35: =G35/G$38 -> 0.36735129 | I35: ='E. Output'!G35*(1+'D. Growth Plan'!L35)+'D. Growth Plan'!M35 -> 399520.66 | J35: =I35/I$38 -> 0.3662211 | K35: ='E. Output'!I35*(1+'D. Growth Plan'!O35)+'D. Growth Plan'!P35 -> 409508.68 | L35: =K35/K$38 -> 0.36509238
B36: - Less Jamboree Expenses | C36: =C24 -> 0 | E36: =E24 -> 0 | G36: =G24 -> 0 | I36: =I24 -> 0 | K36: =K24 -> 0
B37: Net Other Expenses | C37: =C35-C36 -> 370994.65 | E37: =E35-E36 -> 380269.52 | G37: =G35-G36 -> 389776.25 | I37: =I35-I36 -> 399520.66 | K37: =K35-K36 -> 409508.68
A38: Total Expense | C38: =C34+C37 -> 1003729.8 | D38: 1 | E38: =E34+E37 -> 1031986.8 | F38: 1 | G38: =G34+G37 -> 1061045 | H38: 1 | I38: =I34+I37 -> 1090927.5 | J38: 1 | K38: =K34+K37 -> 1121657.7 | L38: 1
A39: Increase (Decrease) Unrestricted Net Assets | C39: =C30-C38 -> 373214.98 | E39: =E30-E38 -> 339494.01 | G39: =G30-G38 -> 327060.62 | I39: =I30-I38 -> 308845.46 | K39: =K30-K38 -> 291474.5
A40: Unrestricted Net Assets Beginning of Year | C40: ='A. History Input & Output'!O45 -> 1111418.1 | E40: =C42 -> 1384633.1 | G40: =E42 -> 1724127.1 | I40: =G42 -> 2051187.7 | K40: =I42 -> 2360033.2
B41: Transfers to Capital | C41: ='D. Growth Plan'!D39 -> 100000 | E41: ='D. Growth Plan'!G39 -> 0 | G41: ='D. Growth Plan'!J39 -> 0 | I41: ='D. Growth Plan'!M39 -> 0 | K41: ='D. Growth Plan'!P39 -> 0
A42: Unrestricted Net Assets End of Year | C42: =C39+C40-C41 -> 1384633.1 | E42: =E39+E40-E41 -> 1724127.1 | G42: =G39+G40-G41 -> 2051187.7 | I42: =I39+I40-I41 -> 2360033.2 | K42: =K39+K40-K41 -> 2651507.7

Sheet Sheet1
C7: 2011 | E7: 2012 | G7: 2013 | I7: 2014 | K7: 2015 | M7: 2016
C8: ACTUAL | D8: % | E8: ACTUAL | F8: % | G8: ACTUAL | H8: % | I8: ACTUAL | J8: % | K8: ACTUAL | L8: % | M8: BUDGET
A9: Membership
B10: Cub Scouts (including Tigers and Webelos) | F10: =(E10/C10-1) -> #DIV/0!
B11: Boy Scouts | F11: =(E11/C11-1) -> #DIV/0!
B12: Venturers | F12: =(E12/C12-1) -> #DIV/0!
B13: Total Traditional | F13: =(E13/C13-1) -> #DIV/0!
B14: Explorers | F14: =(E14/C14-1) -> #DIV/0!
B15: Total Youth | F15: =(E15/C15-1) -> #DIV/0!
